 Dungeon Crawl Stone Soup version 0.21-a0-137-g951aa02 (webtiles) character file.

1558926 Murumi the Bringer of Light (level 27, -7/204 HPs)
             Began as a Gargoyle Fighter on July 15, 2017.
             Was the Champion of the Shining One.
             Killed by divine providence
             ... invoked by a greater mummy
              (9 damage)
             ... on level 3 of the Tomb of the Ancients on July 18, 2017.
             The game lasted 16:48:38 (166277 turns).

Murumi the Bringer of Light (Gargoyle Fighter)    Turns: 166277, Time: 16:48:40

Health: -7/204     AC: 61    Str: 33 (35) XL:     27
Magic:  0/41       EV: 25    Int:  3 (13) God:    the Shining One [******]
Gold:   12577      SH: 51    Dex: 16 (19) Spells: 44/55 levels left

rFire    + + .     SeeInvis +   S - +9 eveningstar (holy)
rCold    + + +     Gourm    .   m - +5 large shield {reflect}
rNeg     + + +     Faith    .   T - +8 gold dragon scales
rPois    ∞         Spirit   +   J - +2 helmet "Ischur" {Str+4}
rElec    +         Reflect  +   H - scarf {Spirit}
rCorr    .         Harm     .   I - +2 pair of gloves {archery}
MR       +++++     Clarity  +   E - +0 pair of boots of the Iron City of Dis {rElec rPois rF+ MR++} Stlth ..........Rnd*Tele +
                                v - amulet of the Four Winds {rN+ MR+++ Clar}
HPRegen  0.00/turn              B - ring of Sihun {rF+ rC+ Dex+6}
MPRegen  0.27/turn              h - ring "Toytuaxaav" {Ice MR+ Str+4 Dex+4 SInv}

@: divine shield, flying, slowed, glowing, very slow
A: big wings, rugged brown scales 1, camouflage 1, berserk 1, blurry vision 3,
deformed body, deterioration 2, dopey 1, negative energy resistance 1,
electricity resistance, inhibited regeneration, teleportitis 2, unbreathing,
petrification resistance, rot immunity, subdued magic 1, sturdy frame 1, AC +20
}: 14/15 runes: decaying, serpentine, slimy, silver, iron, obsidian, icy, bone,
abyssal, demonic, glowing, magical, fiery, dark
a: Stop Flying, Divine Shield, Cleansing Flame, Summon Divine Warrior, Renounce
Religion


You were on level 3 of the Tomb of the Ancients.
You worshipped the Shining One.
The Shining One was exalted by your worship.
You were near starving.

You visited 18 branches of the dungeon, and saw 89 of its levels.
You visited Pandemonium 3 times, and saw 30 of its levels.
You visited the Abyss 1 time.
You also visited: Labyrinth and Ice Cave.

You collected 17237 gold pieces.
You spent 4660 gold pieces at shops.

Inventory:

Hand Weapons
 S - a +9 eveningstar of holy wrath (weapon)
Missiles
 e - 1236 stones (quivered)
 p - a javelin
 r - 22 tomahawks
 x - 8 throwing nets
 D - 4 steel tomahawks
 Z - a steel javelin
Armour
 m - a +5 large shield of reflection (worn)
 E - the +0 pair of boots of the Iron City of Dis (worn) {rElec rPois rF+ MR++}
   (You found it on level 5 of the Pits of Slime)

   It protects you from fire.
   It insulates you from electricity.
   It protects you from poison.
   It affects your resistance to hostile enchantments.
 H - a scarf of spirit shield (worn)
 I - a +2 pair of gloves of archery (worn)
 J - the +2 helmet "Ischur" (worn) {Str+4}
   (You found it in a labyrinth)

   It affects your strength (+4).
 T - +8 gold dragon scales (worn)
Jewellery
 h - the ring "Toytuaxaav" (right hand) {Ice MR+ Str+4 Dex+4 SInv}
   (You found it on level 13 of the Dungeon)

   [ring of ice]

   It enhances your ice magic.
   It affects your strength (+4).
   It affects your dexterity (+4).
   It makes you vulnerable to fire.
   It protects you from cold.
   It affects your resistance to hostile enchantments.
   It lets you see invisible.
 v - the amulet of the Four Winds (around neck) {rN+ MR+++ Clar}
   (You found it on level 5 of the Pits of Slime)

   [amulet of nothing]

   It protects you from negative energy.
   It affects your resistance to hostile enchantments.
   It protects you against confusion.
 B - the ring of Sihun (left hand) {rF+ rC+ Dex+6}
   (You bought it in a shop on level 2 of the Orcish Mines)

   [ring of protection from fire]

   It affects your dexterity (+6).
   It protects you from fire.
   It protects you from cold.
 M - the ring "Qaubuw" {rCorr *Drain MR+ Int+2 Dex+7}
   (You found it on level 5 of the Pits of Slime)

   [ring of resist corrosion]

   It affects your intelligence (+2).
   It affects your dexterity (+7).
   It affects your resistance to hostile enchantments.
   It causes draining when unequipped.
Wands
 s - a wand of digging (6/24)
 u - a wand of disintegration (14/24)
 A - a wand of acid (6/15)
 K - a wand of disintegration (14/24)
 X - a wand of acid (10/15)
 Y - a wand of disintegration (15/24)
Scrolls
 a - 3 scrolls of summoning
 c - 15 scrolls of fog
 i - 24 scrolls of teleportation
 j - 9 scrolls of amnesia
 t - 3 scrolls of brand weapon
 w - 4 scrolls of silence
 y - 12 scrolls of magic mapping
 C - 19 scrolls of fear
 F - 9 scrolls of blinking
 G - 26 scrolls of recharging
 N - 47 scrolls of remove curse
 P - 27 scrolls of identify
 V - 4 scrolls of holy word
Potions
 d - 9 potions of agility
 k - 8 potions of magic
 l - 10 potions of cancellation
 n - 27 potions of curing
 q - 7 potions of haste
 L - 9 potions of ambrosia
 Q - 7 potions of berserk rage
 R - 10 potions of heal wounds
 U - 9 potions of might
 W - 2 potions of resistance
Books
 O - a book of Clouds

   Spells                             Type                      Level
   a - Poisonous Vapours              Poison/Air                   2
   b - Mephitic Cloud                 Conjuration/Poison/Air       3
   c - Conjure Flame                  Conjuration/Fire             3
   d - Freezing Cloud                 Conjuration/Ice/Air          6
   e - Ring of Flames                 Charms/Fire                  7
Comestibles
 b - 36 royal jellies
 f - 25 bread rations
 g - 57 fruits


   Skills:
 O Level 27 Fighting
 O Level 27 Maces & Flails
 O Level 27 Throwing
 O Level 27 Armour
 O Level 27 Dodging
 O Level 27 Shields
 + Level 14.8 Spellcasting
 - Level 16.0 Translocations
 O Level 27 Invocations
 O Level 27 Evocations


You had 44 spell levels left.
You knew the following spells:

 Your Spells              Type           Power        Failure   Level  Hunger
a - Controlled Blink      Tloc           N/A          99%         8    #######
b - Portal Projectile     Hex/Tloc       #.....       4%          3    ###....


Dungeon Overview and Level Annotations

Branches:
Dungeon (15/15)            Temple (1/1) D:5            Lair (6/6) D:10
  Swamp (4/4) Lair:4        Snake (4/4) Lair:4        Slime (5/5) Lair:6
    Orc (2/2) D:10            Elf (3/3) Orc:2        Vaults (5/5) D:13
  Crypt (3/3) Vaults:3       Tomb (3/3) Crypt:3      Depths (5/5) D:15
   Hell (1/1)                 Dis (7/7) Hell            Geh (7/7) Hell
    Coc (7/7) Hell            Tar (7/7) Hell            Zot (5/5) Depths:5

Altars:
Ashenzari
Cheibriados
Dithmenos
Elyvilon
Fedhas
Gozag
Hepliaklqana
Kikubaaqudgha
Makhleb
Nemelex Xobeh
Okawaru
Qazlal
Ru
Sif Muna
Trog
Uskayaw
Vehumet
Wu Jian
Xom
Yredelemnul
Zin
The Shining One
Beogh
Jiyva

Shops:
D:8 *   D:9 =   D:10 %   D:11 *([   D:13 ?   Orc:2 ?([%=   Elf:1 :   Elf:2 =
Vaults:1 *   Vaults:2 %   Vaults:3 ((*:   Vaults:4 (   Depths:1 :}   Depths:3 =
Depths:5 =

Portals:
Hell: Depths:1 Depths:2 Depths:3 Depths:4 Depths:5
Abyss: Depths:1 Depths:4
Pandemonium: Depths:3
Ziggurat: Depths:4

Annotations:
Zot:5 1 exclusion


Innate Abilities, Weirdness & Mutations

You are resistant to torment.
Your stone body is resilient. (AC +20)
You are immune to poison.
Your large and strong wings let you fly indefinitely.
You resist negative energy. (rN+)
You are resistant to electric shocks. (rElec)
You can survive without breathing.
You are immune to petrification.
You are immune to rotting.
You are partially covered in rugged brown scales. (AC +1, +3% HP)
Your skin changes colour to match your surroundings (Stealth+).
You tend to lose your temper in combat.
Scrolls take you much longer to read.
Armour fits poorly on your strangely shaped body.
Your body often deteriorates upon taking damage.
You are dopey. (Int -2)
You do not regenerate when monsters are visible.
You are sometimes teleported next to monsters.
Your spells are a little easier to cast, but a little less powerful.
Your movements are slightly less encumbered by armour. (ER -2)


Message History

You sock the greater mummy!
The greater mummy convulses!
The greater mummy is almost destroyed.
The greater mummy gestures wildly while chanting.
You block the greater mummy's attack.
You block the emperor scorpion's attack. x2
The emperor scorpion barely misses you. The emperor scorpion stings you!
The Shining One protects you from harm!
You block the emperor scorpion's attack.
The emperor scorpion claws you but does no damage.
The necrophage misses you.
The greater mummy casts a spell.
You block the soul eater's attack. x2
The emperor scorpion stings you but does no damage.
The emperor scorpion completely misses you.
The emperor scorpion barely misses you.
The emperor scorpion stings you but does no damage.
The emperor scorpion closely misses you. x2
The greater mummy points at you and mumbles some strange words.
Something smites you!
You die...

########
#.(Mssn#
#.Wzs@M#
#sMs33s#


#ssssss# #sM4MMM# #MMWSMW# .MszzzsMW ..#ssWMsM# ..#sSSZSn# You could see 7
greater mummies, 12 emperor scorpions, 2 soul eaters, 2 shadow wraiths, an
orange demon, a phantasmal warrior, 4 mana vipers, 3 guardian mummies, a
freezing wraith, a wraith, 7 death scarabs, 2 necrophages, a flying skull, 4
mummies, 3 wights and an iron dragon zombie.

Vanquished Creatures
  Cerebov (Pan)
  Antaeus (Coc:7)
  Asmodeus (Geh:7)
  the Royal Jelly (Slime:5)
  Gloorx Vloq (Pan)
  the Serpent of Hell (Coc:7)
  Ereshkigal (Tar:7)
  Mnoleg (Pan)
  Lom Lobon (Pan)
  8 ancient liches
  Dispater (Dis:7)
  9 orbs of fire
  2 juggernauts
  Mennas (Pan)
  7 greater mummies
  32 shard shrikes
  The ghost of emikaela the Archmage, a legendary SpIE of Zin (Dis:5)
  Vashnia (Snake:2)
  Saint Roka (Orc:2)
  Geryon (Hell)
  2 Killer Klowns (Zot:5)
  A curse toe (Zot:5)
  13 golden dragons
  25 pandemonium lords (Pan)
  2 profane servitors (Abyss:5)
  19 bone dragons
  15 doom hounds
  58 Brimstone Fiends
  67 Tzitzimimeh
  8 electric golems
  9 iron giants
  20 Hell Sentinels
  17 liches
  2 hellephants
  26 tentacled monstrosities
  Jorgrun (Tomb:2)
  44 Ice Fiends
  24 Orb Guardians (Zot:5)
  12 titans
  30 acid blobs
  Asterion (Depths:2)
  12 quicksilver dragons
  A deep elf master archer (Elf:3)
  Frances (D:12)
  10 sphinxes
  13 eldritch tentacles
  8 tentacled starspawn
  3 deep elf blademasters
  49 Executioners
  14 death cobs
  19 ancient champions
  Agnes (Snake:2)
  7 tengu reavers
  35 shadow dragons
  5 thorn hunters
  Roxanne (Swamp:4)
  Donald (Snake:2)
  28 storm dragons
  11 azure jellies
  16 nagarajas (Snake:4)
  3 draconian monks
  The ghost of dafubar the Severer, a journeyman MiBe of Trog (Depths:2)
  22 warmongers (Pan)
  2 revenants
  11 fire giants
  Aizul (Swamp:2)
  Louise (Elf:3)
  65 balrugs
  12 iron dragons
  An orc warlord (Vaults:4)
  5 ghost moths
  13 frost giants
  9 draconian knights
  5 deep elf sorcerers (Elf:3)
  28 cacodemons
  7 draconian shifters
  5 draconian scorchers
  6 deep elf elementalists
  A juggernaut zombie (Crypt:1)
  5 curse skulls
  14 vault wardens
  34 war gargoyles
  4 spriggan defenders
  A ghoul (Vaults:3)
  132 reapers
  12 ironheart preservers
  3 angels (Pan)
  5 draconian stormcallers
  5 draconian annihilators
  54 very ugly things
  16 blood saints (Pan)
  10 elemental wellsprings
  15 green draconians
  17 stone giants
  20 corrupters (Pan)
  12 vampire knights
  6 bennus
  3 entropy weavers
  20 black suns (Pan)
  A dire elephant (Lair:5)
  4 deep elf demonologists
  13 red draconians
  13 white draconians
  20 lorocyprocas
  9 deep elf annihilators
  16 purple draconians
  11 black draconians
  13 deep elf death magi
  Snorg (Lair:3)
  10 spark wasps
  8 yellow draconians
  14 ettins
  5 crystal guardians
  17 quicksilver dragon zombies
  3 merfolk impalers
  66 blizzard demons
  28 mummy priests
  10 fire dragons
  7 death oozes
  2 eidola
  A minotaur (Lab)
  35 green deaths
  36 ice dragons
  35 vault guards
  4 jiangshi (Crypt:1)
  16 great orbs of eyes
  12 rakshasas
  8 deep elf high priests
  14 yaktaur captains
  3 kraken zombies
  13 quicksilver dragon skeletons
  2 juggernaut simulacra (Pan)
  6 hell beasts
  A catoblepas (Lair:6)
  14 naga warriors
  21 hydras
  28 monstrous demonspawn (Pan)
  7 spriggan air magi
  5 ghost crabs
  51 two-headed ogres
  6 centaur warriors
  11 anacondas
  18 ogre magi
  11 alligators
  8 death knights
  34 dancing weapons
  An alligator (shapeshifter) (Depths:1)
  58 death scarabs
  6 death yaks (Lair:6)
  10 deep troll shamans
  43 hell hogs
  15 deep troll earth magi
  7 shock serpents
  9 tengu warriors
  6 holy swine (Pan)
  4 spriggan berserkers
  15 thrashing horrors
  18 titan zombies
  3 vampire magi
  12 naga sharpshooters
  25 iron golems
  5 orc high priests
  152 soul eaters
  11 storm dragon zombies
  19 deep elf knights
  88 hell knights
  5 salamander mystics
  6 wretched stars
  10 titan skeletons
  20 iron trolls
  27 shadow wraiths
  2 spatial maelstroms (Abyss:5)
  24 anaconda zombies
  3 unseen horrors
  47 sixfirhies
  14 small abominations
  9 storm dragon skeletons
  2 ghost moth zombies
  138 sun demons
  271 skeletal warriors
  11 golden dragon zombies
  2 death drakes
  3 quicksilver dragon simulacra
  7 glowing orange brains
  3 spriggan druids
  29 infernal demonspawn
  38 deep trolls
  An obsidian statue (D:9)
  8 wizards
  19 flayed ghosts
  28 gelid demonspawn
  3 shambling mangroves
  14 ironbrand convokers
  9 swamp dragons
  63 shadow demons
  23 torturous demonspawn (Pan)
  A kraken simulacrum (Coc:7)
  12 shadow dragon zombies
  Pikel (D:4)
  8 harpies
  9 golden dragon skeletons
  29 necromancers
  A lindwurm (Lair:5)
  3 tengu zombies
  8 wolf spider zombies
  5 naga ritualists
  41 phantasmal warriors
  10 deep elf archers
  10 orc knights
  4 manticores
  24 stone giant zombies
  15 anaconda skeletons
  6 iron dragon zombies
  11 mana vipers
  74 deep elf magi
  3 tengu skeletons
  A faun (shapeshifter) (Vaults:4)
  12 shadow dragon skeletons
  A salamander (shapeshifter) (Elf:2)
  59 ugly things
  9 fire giant zombies
  3 wolf spiders
  14 salamanders
  6 cyclopes
  3 worldbinders
  8 shining eyes
  11 iron dragon skeletons
  136 large abominations
  34 moths of wrath
  11 elephants
  14 frost giant zombies
  5 orc sorcerers
  18 vault sentinels
  11 ice statues
  12 stone giant skeletons
  9 eyes of devastation
  82 rust devils
  An apocalypse crab (Abyss:5)
  Joseph (D:7)
  Maurice (D:12)
  A guardian serpent (shapeshifter) (Vaults:4)
  A black mamba (shapeshifter) (Vaults:2)
  8 storm dragon simulacra (Coc:7)
  16 frost giant skeletons
  A torpor snail (shapeshifter) (Depths:4)
  4 shock serpent zombies
  177 smoke demons
  46 black mambas
  16 dire elephant zombies
  21 guardian serpents
  20 spiny frogs
  49 orange demons
  4 titan simulacra (Coc:7)
  6 fire giant skeletons
  10 molten gargoyles
  13 naga magi
  2 orc skeletons
  10 dire elephant skeletons
  101 hellions
  4 gargoyles
  3 shock serpent skeletons
  A catoblepas zombie (Dis:2)
  A black draconian zombie (Coc:5)
  A torpor snail (Lair:4)
  5 emperor scorpion zombies
  11 ancient zymes
  42 yaktaurs
  A purple draconian zombie (Dis:6)
  An iron troll zombie (Crypt:1)
  6 rime drakes
  A rime drake (shapeshifter) (Vaults:3)
  22 efreet
  110 red devils
  59 freezing wraiths
  A komodo dragon (shapeshifter) (Vaults:4)
  9 komodo dragons
  13 anaconda simulacra
  56 hellwings
  78 ice devils
  A white draconian skeleton (Tar:3)
  91 tormentors
  53 guardian mummies
  3 queen bees
  A ghost moth simulacrum (Coc:1)
  56 demonic crawlers
  6 silent spectres
  5 tengu conjurers
  3 golden dragon simulacra
  7 harpy zombies
  A catoblepas skeleton (Geh:1)
  A troll (shapeshifter) (Vaults:3)
  3 meliai (Lair:4)
  6 tyrant leeches
  2 yaktaur skeletons (Vaults:3)
  28 hydra zombies
  A meliai (shapeshifter) (Depths:1)
  4 minotaur zombies
  2 polar bears (shapeshifter)
  9 trolls
  9 harpy skeletons
  A jumping spider (shapeshifter) (Vaults:2)
  A wolf spider simulacrum (Coc:1)
  Prince Ribbit (D:7)
  2 tengu simulacra
  2 polar bears
  20 hornets
  An iron troll skeleton (Crypt:2)
  11 ettin zombies
  7 raiju
  89 slime creatures
  An iron dragon simulacrum (Coc:4)
  9 fire dragon zombies
  20 hippogriffs
  A dream sheep (shapeshifter) (Depths:4)
  A hippogriff (shapeshifter) (Vaults:4)
  14 hydra skeletons
  9 blink frogs
  2 fire giant simulacra
  A frost giant simulacrum (Coc:4)
  15 bog bodies
  24 alligator zombies
  12 ice dragon zombies
  6 dream sheep
  2 stone giant simulacra
  7 redbacks
  13 air elementals
  28 water elementals
  95 ynoxinuls
  5 alligator skeletons
  287 flying skulls
  11 ice dragon skeletons
  2 spriggans
  2 tarantellas
  19 ettin skeletons
  6 black mamba zombies
  16 wyverns
  46 shadows
  7 vampires
  4 black mamba skeletons
  23 starcursed masses
  18 yaks
  9 fire dragon skeletons
  70 wraiths
  A wyvern (shapeshifter) (Depths:3)
  48 fire elementals
  8 ushabtiu
  23 golden eyes
  2 dire elephant simulacra (IceCv)
  A death yak simulacrum (IceCv)
  12 fire bats
  130 chaos spawn
  70 neqoxecs
  4 spatial vortices
  11 hungry ghosts
  The ghost of Perturabo the Slasher, an amateur DsGl (D:4)
  A hog (shapeshifter) (Elf:3)
  14 wargs
  3 basilisks
  A steam dragon (D:8)
  24 vampire mosquitoes
  25 insubstantial wisps
  6 iron troll simulacra (IceCv)
  3 merfolk zombies
  4 harpy simulacra (IceCv)
  22 swamp worms
  4 acid dragons
  51 nagas
  A water nymph zombie (Crypt:2)
  166 hell hounds
  8 hydra simulacra
  2 floating eyes (Pan)
  27 spiny frog zombies
  7 porcupines
  23 water moccasins
  A sky beast (shapeshifter) (Vaults:5)
  19 swamp drakes
  2 merfolk skeletons
  52 orc warriors
  15 spiny frog skeletons
  18 eyes of draining
  2 swamp dragon zombies
  5 ettin simulacra
  15 ice beasts
  An ice dragon simulacrum (Coc:5)
  4 sky beasts
  An eye of draining (shapeshifter) (Vaults:3)
  52 ogres
  3 black bears
  8 manticore zombies
  An alligator simulacrum (Hell)
  A fire dragon simulacrum (Coc:7)
  A black bear (shapeshifter) (Vaults:1)
  13 phantoms
  9 snapping turtle zombies
  8 boggarts
  57 necrophages
  11 centaurs
  4 manticore skeletons
  7 human skeletons
  12 wolves
  6 snapping turtle skeletons
  A crocodile (shapeshifter) (Vaults:4)
  3 swamp dragon skeletons
  9 crocodiles
  A big kobold (shapeshifter) (Depths:4)
  2 elf zombies
  4 wyvern zombies
  5 earth elementals
  A bullfrog (shapeshifter) (Depths:5)
  5 big kobolds
  16 bullfrogs
  An elf skeleton (Hell)
  A hippogriff skeleton (Crypt:1)
  6 spiny frog simulacra
  4 wyvern skeletons
  A spriggan zombie (Geh:2)
  8 scorpions
  A water moccasin skeleton (Crypt:1)
  A polar bear zombie (Crypt:2)
  A troll zombie (Dis:4)
  A snapping turtle simulacrum (Coc:1)
  82 killer bees
  213 wights
  A yak skeleton (Crypt:1)
  3 spriggan skeletons
  4 electric eels
  27 crimson imps
  2 draconian simulacra (IceCv)
  6 centaur zombies
  4 quasits
  Crazy Yiuf (D:7)
  A human zombie (Dis:2)
  7 hounds
  2 jellies
  2 bullfrog zombies
  26 orc priests
  2 bullfrog skeletons
  42 iron imps
  32 orc wizards
  6 centaur skeletons
  A gnoll shaman (D:8)
  5 iguanas
  13 worker ants
  6 lightning spires (Abyss:5)
  3 spriggan simulacra (IceCv)
  A killer bee zombie (D:9)
  A deep dwarf zombie (Crypt:2)
  A naga zombie (Geh:5)
  2 ogre zombies
  4 centaur simulacra (IceCv)
  4 human simulacra
  An ogre skeleton (Pan)
  2 acid dragon skeletons (Crypt:2)
  A naga skeleton (Geh:4)
  46 mummies
  2 hound skeletons
  10 gnolls
  21 adders
  A steam dragon skeleton (Crypt:1)
  3 ogre simulacra (IceCv)
  26 shadow imps
  31 white imps
  10 ufetubi
  An ooze (D:3)
  An adder skeleton (D:4)
  A halfling skeleton (Crypt:1)
  3 dart slugs
  4 leopard geckos
  132 orcs
  4 ball pythons
  8 bats
  2 giant cockroaches
  A gnoll zombie (Crypt:2)
  11 goblins
  5 hobgoblins
  2 jackals (D:2)
  28 kobolds
  A quokka (D:7)
  4 frilled lizards
  A giant cockroach zombie (Crypt:1)
  3 kobold zombies
  A leopard gecko skeleton (D:6)
  2 orc zombies
  A quokka skeleton (Crypt:1)
  A quokka zombie (D:8)
  7 rats
  4 fire vortices
  A fungus (Lair:6)
  A lurking horror (Abyss:3)
  7 starspawn tentacles
  3 tentacles (Coc:4)
8188 creatures vanquished.

Vanquished Creatures (collateral kills)
  An ancient lich (Zot:5)
  A golden dragon (Zot:4)
  An Orb Guardian (Zot:5)
  2 death oozes (Slime:5)
5 creatures vanquished.

Vanquished Creatures (others)
  A shard shrike (Coc:5)
  3 deep elf master archers (Elf:3)
  2 liches
  An eldritch tentacle (Coc:6)
  2 ancient champions (Tomb:2)
  A revenant (Tomb:2)
  A frost giant (Depths:3)
  A warmonger (Pan)
  5 stone giants
  Nessos (D:13)
  A blizzard demon (Pan)
  2 green deaths (Pan)
  10 yaktaur captains
  3 centaur warriors
  A rakshasa (Vaults:1)
  A hell hog (Geh:1)
  6 naga sharpshooters
  A soul eater (Pan)
  A deep elf knight (Vaults:1)
  A cherub (Pan)
  A shadow demon (Pan)
  5 deep elf archers
  A cyclops (D:15)
  A deep elf mage (Elf:2)
  An ugly thing (Swamp:2)
  A salamander (Snake:2)
  A moth of wrath (Zot:5)
  A rust devil (Dis:2)
  3 naga magi
  4 smoke demons (Pan)
  35 yaktaurs
  A bog body (Swamp:2)
  2 raiju (Abyss:5)
  A water elemental (Coc:2)
  A spriggan (Swamp:3)
  5 flying skulls
  An ice dragon skeleton (Geh:3)
  A wyvern (shapeshifter) (Vaults:5)
  An ettin skeleton (Tomb:2)
  2 ynoxinuls (Pan)
  A wraith (Tar:2)
  A black mamba skeleton (Tomb:2)
  4 chaos spawn (Pan)
  A small abomination (Abyss:5)
  A neqoxec (Pan)
  A swamp worm (Swamp:2)
  An orc warrior (Vaults:1)
  13 centaurs
  3 wights
  A crimson imp (Geh:7)
  A hound (D:6)
  2 orc priests
  3 mummies (Tomb:2)
  2 shadow imps
  An adder skeleton (D:4)
  A worm (D:4)
  3 ball lightnings (Pan)
  6 orcs
  A hobgoblin (D:4)
  A crawling corpse (Elf:3)
  10 fungi
  2 lurking horrors (Abyss:4)
  20 plants
  17 starspawn tentacles
  5 tentacles
  8 toadstools (Lair:5)
224 creatures vanquished.

Grand Total: 8417 creatures vanquished

Notes
Turn   | Place    | Note
-------+----------+-------------------------------------------
     0 | D:1      | Murumi the Gargoyle Fighter began the quest for the Orb.
     0 | D:1      | Reached XP level 1. HP: 14/14 MP: 1/1
   108 | D:1      | Reached skill level 1 in Throwing
   142 | D:1      | Reached XP level 2. HP: 17/19 MP: 2/2
   301 | D:1      | Reached skill level 1 in Dodging
   630 | D:1      | Reached XP level 3. HP: 23/23 MP: 3/3
  1242 | D:2      | Reached XP level 4. HP: 25/29 MP: 4/4
  1295 | D:2      | Found a sparkling altar of Nemelex Xobeh.
  1295 | D:2      | Found a transporter.
  1295 | D:2      | Noticed an ogre
  1296 | D:2      | Noticed a sky beast
  2032 | D:3      | Found a burning altar of Makhleb.
  2032 | D:3      | Found a basalt altar of Yredelemnul.
  2667 | D:4      | Reached skill level 5 in Fighting
  2667 | D:4      | Reached XP level 5. HP: 33/35 MP: 5/5
  2711 | D:4      | Found a snail-covered altar of Cheibriados.
  2711 | D:4      | Noticed an ogre
  2762 | D:4      | HP: 1/35 [ogre/giant club (15)]
  2763 | D:4      | Killed an ogre
  2763 | D:4      | Reached skill level 5 in Armour
  2763 | D:4      | Reached XP level 6. HP: 1/40 MP: 6/6
  3138 | D:4      | Found a blossoming altar of Fedhas.
  3138 | D:4      | Noticed a phantom
  3140 | D:4      | Noticed Perturabo's ghost (amateur DsGl)
  3151 | D:4      | Killed a phantom
  3153 | D:4      | Killed Perturabo's ghost
  3153 | D:4      | Reached XP level 7. HP: 44/44 MP: 7/7
  3276 | D:4      | Noticed Pikel
  3304 | D:4      | Killed Pikel
  3304 | D:4      | Reached XP level 8. HP: 43/49 MP: 8/8
  3585 | D:4      | Found a glowing golden altar of the Shining One.
  3783 | D:5      | Entered Level 5 of the Dungeon
  4307 | D:5      | Reached skill level 5 in Maces & Flails
  4341 | D:5      | Found an ornate altar of the Wu Jian Council.
  4575 | D:5      | Reached XP level 9. HP: 55/55 MP: 9/9
  4624 | D:5      | Found an iron altar of Okawaru.
  4793 | D:5      | Found a deep blue altar of Sif Muna.
  4986 | D:5      | Found a staircase to the Ecumenical Temple.
  5001 | Temple   | Entered the Ecumenical Temple
  5008 | Temple   | Became a worshipper of Elyvilon the Healer
  5373 | D:5      | Identified Sif Muna's Collected Works on Changing
  5550 | D:6      | Reached skill level 1 in Invocations
  5874 | D:6      | Reached * piety under Elyvilon
  6000 | D:6      | Gained mutation: Your magical capacity is low. (-10% MP) [mutagenic meat]
  6001 | D:6      | Gained mutation: You are frail. (-10% HP) [mutagenic meat]
  6003 | D:6      | Gained mutation: You have large cloven feet. [mutagenic meat]
  6221 | D:6      | Reached skill level 5 in Invocations
  6271 | D:6      | Found a stormy altar of Qazlal.
  6527 | D:7      | Noticed Prince Ribbit
  6544 | D:7      | Killed Prince Ribbit
  6695 | D:7      | Found a sparkling altar of Nemelex Xobeh.
  6696 | D:7      | Found an opulent altar of Gozag.
  6734 | D:7      | Found a runed door.
  6742 | D:7      | Noticed Crazy Yiuf
  6750 | D:7      | Killed Crazy Yiuf
  6766 | D:7      | Got a faintly glowing mace
  6771 | D:7      | Got a crude mace
  6774 | D:7      | Got a crystal mace
  6804 | D:7      | Noticed a hellwing
  6813 | D:7      | Killed a hellwing
  6815 | D:7      | Noticed a hellwing
  6820 | D:7      | Reached XP level 10. HP: 56/56 MP: 12/13
  7136 | D:6      | Noticed a rust devil
  7136 | D:6      | Noticed a rust devil
  7251 | D:7      | Reached ** piety under Elyvilon
  7779 | D:7      | Noticed Joseph
  7798 | D:7      | Killed Joseph
  8055 | D:7      | Identified the +5 mace of the Everdark {elec, rPois rF+ Str+4} (You found it on level 7 of the Dungeon)
  8056 | D:7      | Identified the +5 mace "Transmigrator" {venom, *Noise +Inv rElec Int+2} (You found it on level 7 of the Dungeon)
  8057 | D:7      | Identified the cursed +1 mace of Cruel Justice {crush, rN+ MR++} (You found it on level 7 of the Dungeon)
  8117 | D:8      | Found Urryg's General Store.
  8292 | D:8      | Noticed a two-headed ogre
  8301 | D:8      | Killed a two-headed ogre
  8356 | D:8      | Bought the cursed +0 buckler "Ysanarez" {rPois rN+} for 185 gold pieces
  8384 | D:7      | Reached skill level 10 in Maces & Flails
  8466 | D:7      | Reached XP level 11. HP: 31/60 MP: 14/14
  8625 | D:7      | Reached skill level 5 in Shields
  8777 | D:8      | Found a bloodstained altar of Trog.
  8796 | D:8      | Found a radiant altar of Vehumet.
 10081 | D:9      | Found Peutupt's Jewellery Shoppe.
 10108 | D:9      | Bought a cursed -3 ring of evasion for 34 gold pieces
 10108 | D:9      | Bought a +3 amulet of reflection for 266 gold pieces
 10398 | D:9      | Gained mutation: Your natural rate of healing is unusually fast. [mutagenic meat]
 10399 | D:9      | Gained mutation: You are somewhat resistant to further mutation. [mutagenic meat]
 10400 | D:9      | Gained mutation: Scrolls take you a little longer to read. [mutagenic meat]
 10401 | D:9      | Gained mutation: You are agile. (Dex +2) [mutagenic meat]
 10588 | D:9      | Found a bloodstained altar of Trog.
 10596 | D:9      | Reached *** piety under Elyvilon
 10724 | D:9      | Noticed a two-headed ogre
 10734 | D:9      | Killed a two-headed ogre
 10904 | D:9      | Noticed an obsidian statue
 10935 | D:10     | Entered Level 10 of the Dungeon
 11410 | D:10     | Found a staircase to the Lair.
 11457 | D:10     | Noticed a two-headed ogre
 11469 | D:10     | Killed a two-headed ogre
 11553 | D:10     | Found a staircase to the Orcish Mines.
 11629 | D:10     | Reached XP level 12. HP: 60/68 MP: 16/16
 11748 | D:10     | Found Yserink's Food Emporium.
 11848 | Lair:1   | Entered Level 1 of the Lair of Beasts
 11991 | Lair:1   | Reached **** piety under Elyvilon
 12250 | Lair:1   | Reached skill level 10 in Fighting
 12983 | Lair:2   | Noticed a four-headed hydra
 12992 | Lair:2   | Killed a four-headed hydra
 12992 | Lair:2   | Reached skill level 10 in Armour
 13071 | Lair:2   | Noticed an eight-headed hydra
 13105 | Lair:2   | Killed an eight-headed hydra
 13190 | Lair:2   | Reached skill level 10 in Shields
 13207 | Lair:2   | Reached ***** piety under Elyvilon
 13998 | Lair:3   | Found a labyrinth entrance.
 14007 | Lab      | Entered a labyrinth
 14333 | Lab      | Noticed a minotaur
 14346 | Lab      | Killed a minotaur
 14346 | Lab      | Reached skill level 10 in Invocations
 14390 | Lab      | Got a warped helmet
 14396 | Lab      | Identified the +2 helmet "Ischur" {Str+4} (You found it in a labyrinth)
 14681 | Lair:3   | Reached XP level 13. HP: 75/75 MP: 18/18
 14772 | Lair:3   | Noticed Snorg
 14798 | Lair:3   | Killed Snorg
 15403 | Lair:4   | Reached ****** piety under Elyvilon
 15552 | Lair:4   | Found a staircase to the Snake Pit.
 15784 | Lair:4   | Found a staircase to the Swamp.
 16765 | Lair:4   | Got a pair of faintly glowing gloves
 16776 | Lair:4   | Identified the +1 pair of gloves "Teomidwasch" {rF- Int+5 Dex+6} (You found it on level 4 of the Lair of Beasts)
 17071 | Lair:4   | Reached skill level 5 in Throwing
 17306 | Lair:5   | Gained mutation: Your large and strong wings let you fly indefinitely. [Gargoyle growth]
 17306 | Lair:5   | Reached XP level 14. HP: 81/81 MP: 20/20
 17597 | Lair:5   | Found a runed door.
 18232 | Lair:5   | Noticed a dire elephant
 18240 | Lair:5   | Killed a dire elephant
 18308 | Lair:6   | Entered Level 6 of the Lair of Beasts
 18786 | Lair:6   | Found a runed door.
 18787 | Lair:6   | Found a viscous altar of Jiyva.
 18787 | Lair:6   | Noticed an acid blob
 18787 | Lair:6   | Noticed an acid blob
 18789 | Lair:6   | Noticed an acid blob
 19337 | Lair:6   | Reached skill level 5 in Dodging
 19875 | Lair:6   | Got a crude plate armour
 19886 | Lair:6   | Identified the cursed +0 plate armour of Isuz {rCorr Dex+4} (You found it on level 6 of the Lair of Beasts)
 20232 | Lair:6   | Found a staircase to the Slime Pits.
 20436 | D:9      | Reached XP level 15. HP: 88/88 MP: 21/21
 20440 | D:9      | Got a scorched morningstar
 20441 | D:9      | Identified the +8 morningstar "Bavvimm" {crush, Str-3 Dex+5} (You found it on level 9 of the Dungeon)
 20520 | Orc:1    | Entered Level 1 of the Orcish Mines
 20552 | Orc:1    | Paralysed by an orc sorcerer for 6 turns
 20885 | Orc:1    | You are sucked into a shaft!
 20885 | Orc:2    | Entered Level 2 of the Orcish Mines
 21165 | Orc:2    | Found a roughly hewn altar of Beogh.
 21190 | Orc:2    | Found Meumu's Magic Scroll Shoppe.
 21199 | Orc:2    | Bought 3 scrolls of identify for 102 gold pieces
 21205 | Orc:2    | Bought a scroll of identify for 34 gold pieces
 21207 | Orc:2    | Lost mutation: You are frail. (-10% HP) [potion of mutation]
 21207 | Orc:2    | Lost mutation: Scrolls take you a little longer to read. [potion of mutation]
 21255 | Orc:2    | Found a staircase to the Elven Halls.
 21499 | Orc:2    | Found a roughly hewn altar of Beogh.
 21559 | Orc:2    | Found a roughly hewn altar of Beogh.
 21612 | Orc:2    | Found Ruukk's Jewellery Boutique.
 21617 | Orc:2    | Bought a +4 amulet of reflection for 378 gold pieces
 21735 | Orc:2    | Found Gerown's Food Boutique.
 21810 | Orc:2    | Found a roughly hewn altar of Beogh.
 21882 | Orc:2    | Found a roughly hewn altar of Beogh.
 21925 | Orc:2    | Found a roughly hewn altar of Beogh.
 22059 | Orc:2    | Noticed Saint Roka
 22207 | Orc:2    | Killed Saint Roka
 22431 | Orc:2    | Found Ryroluleh's Antique Weapon Shoppe.
 22433 | Orc:2    | Found a roughly hewn altar of Beogh.
 22437 | Orc:2    | Found Qulasch's Antique Armour Emporium.
 22561 | Orc:2    | Bought a pair of scorched gloves for 190 gold pieces
 22571 | Orc:2    | Identified the cursed +0 pair of gloves of Demons {rF+ Regen+} (You bought it in a shop on level 2 of the Orcish Mines)
 22775 | Swamp:1  | Entered Level 1 of the Swamp
 23910 | Swamp:2  | Identified a scroll of acquirement
 23911 | Swamp:2  | Got a faintly humming buckler
 23922 | Swamp:2  | Identified the +3 buckler of Hafitz Paasa {rElec Regen+ Stlth+} (You acquired it on level 2 of the Swamp)
 23942 | Swamp:2  | Noticed Aizul
 23945 | Swamp:2  | Noticed a thorn hunter
 23980 | Swamp:2  | Killed Aizul
 23996 | Swamp:2  | Killed a thorn hunter
 24281 | Swamp:2  | Reached XP level 16. HP: 105/105 MP: 23/23
 24756 | Swamp:3  | Noticed a thorn hunter
 24766 | Swamp:3  | Killed a thorn hunter
 25097 | Swamp:3  | Noticed a thorn hunter
 25107 | Swamp:3  | Killed a thorn hunter
 25588 | Swamp:4  | Entered Level 4 of the Swamp
 25762 | Swamp:4  | Found a frozen archway.
 25776 | IceCv    | Entered an ice cave
 26452 | IceCv    | Noticed an Ice Fiend
 26478 | IceCv    | Killed an Ice Fiend
 27274 | Swamp:4  | Noticed a thorn hunter
 27284 | Swamp:4  | Killed a thorn hunter
 27355 | Swamp:4  | Got a decaying rune of Zot
 27369 | Swamp:4  | Noticed a thorn hunter
 27384 | Swamp:4  | Killed a thorn hunter
 27384 | Swamp:4  | Reached XP level 17. HP: 59/111 MP: 24/24
 27978 | Swamp:4  | Noticed Roxanne
 28003 | Swamp:4  | Killed Roxanne
 28666 | D:11     | Found Xeelen's Antique Weapon Boutique.
 28943 | D:11     | Found Ejuhi's Antique Armour Emporium.
 29121 | D:11     | Found Zopsynuu's General Store.
 29291 | D:11     | Gained mutation: You are dopey. (Int -2) [mutagenic meat]
 29292 | D:11     | Gained mutation: Armour fits poorly on your strangely shaped body. [mutagenic meat]
 29293 | D:11     | Lost mutation: You are dopey. (Int -2) [potion of mutation]
 29293 | D:11     | Lost mutation: You are somewhat resistant to further mutation. [potion of mutation]
 29293 | D:11     | Gained mutation: You passively map a small area around you. [potion of mutation]
 29294 | D:11     | Lost mutation: Armour fits poorly on your strangely shaped body. [potion of mutation]
 29294 | D:11     | Lost mutation: You are agile. (Dex +2) [potion of mutation]
 29294 | D:11     | Lost mutation: Your magical capacity is low. (-10% MP) [potion of mutation]
 29294 | D:11     | Gained mutation: You are clumsy. (Dex -2) [potion of mutation]
 29294 | D:11     | Gained mutation: Your body sometimes deteriorates upon taking damage. [potion of mutation]
 29294 | D:11     | Gained mutation: Your spells are a little harder to cast, but a little more powerful. [potion of mutation]
 30015 | D:12     | Noticed Maurice
 30015 | D:12     | Noticed Frances
 30039 | D:12     | Killed Frances
 30048 | D:12     | Killed Maurice
 30092 | D:12     | Reached skill level 15 in Fighting
 30924 | D:13     | Noticed Nessos
 30927 | D:13     | Killed Nessos
 30979 | D:13     | Found Sitoaca's Magic Scroll Emporium.
 30999 | D:13     | Got a transparent lead ring
 31000 | D:13     | Identified the ring "Toytuaxaav" {Ice MR+ Str+4 Dex+4 SInv} (You found it on level 13 of the Dungeon)
 31065 | D:13     | Gained mutation: You possess an exceptional clarity of mind. [mutagenic meat]
 31241 | D:13     | Reached skill level 15 in Armour
 31278 | D:13     | Gained mutation: You have a pair of small horns on your head. [mutagenic meat]
 31281 | D:13     | Gained mutation: You are surrounded by a mild repulsion field. (EV +2) [mutagenic meat]
 31311 | D:13     | Found a gate to the Vaults.
 31422 | D:13     | Lost mutation: Your spells are a little harder to cast, but a little more powerful. [potion of mutation]
 31422 | D:13     | Lost mutation: Your body sometimes deteriorates upon taking damage. [potion of mutation]
 31422 | D:13     | Gained mutation: You are resistant to hostile enchantments. (MR+) [potion of mutation]
 31422 | D:13     | Gained mutation: You have supernaturally acute eyesight. (SInv) [potion of mutation]
 31422 | D:13     | Gained mutation: You have hoof-like feet. [potion of mutation]
 32857 | D:14     | Lost mutation: You have a pair of small horns on your head. [mutagenic meat]
 32858 | D:14     | Gained mutation: You are partially covered in yellow scales. (AC +2) [mutagenic meat]
 33116 | D:15     | Entered Level 15 of the Dungeon
 33176 | D:15     | Reached skill level 15 in Shields
 33184 | D:15     | Gained mutation: You are partially covered in thin metallic scales. (AC +2) [mutagenic meat]
 33185 | D:15     | Lost mutation: You are partially covered in yellow scales. (AC +2) [mutagenic meat]
 33363 | D:15     | Found a staircase to the Depths.
 33717 | D:15     | Reached XP level 18. HP: 110/119 MP: 29/29
 33797 | D:15     | Reached skill level 15 in Invocations
 33810 | D:15     | Gained mutation: Your magical capacity is low. (-10% MP) [mutagenic meat]
 33811 | D:15     | Gained mutation: You are surrounded by a moderate repulsion field. (EV +3) [mutagenic meat]
 33834 | D:15     | Found an ancient bone altar of Kikubaaqudgha.
 34114 | Snake:1  | Entered Level 1 of the Snake Pit
 34161 | Snake:1  | Identified the +5 shield "Unneci" {rN+ Int+2} (You found it on level 1 of the Snake Pit)
 34930 | Snake:2  | Noticed Vashnia
 35122 | Snake:2  | Noticed Donald
 35131 | Snake:2  | Killed Donald
 35363 | Snake:2  | Killed Vashnia
 35440 | Snake:2  | Noticed Agnes
 35448 | Snake:2  | Killed Agnes
 36465 | Snake:3  | Lost mutation: You are clumsy. (Dex -2) [mutagenic meat]
 37204 | Snake:3  | Reached XP level 19. HP: 110/125 MP: 27/27
 37362 | Snake:4  | Entered Level 4 of the Snake Pit
 38486 | Snake:4  | Lost mutation: You are resistant to hostile enchantments. (MR+) [mutagenic meat]
 38487 | Snake:4  | Gained mutation: Your muscles are strong. (Str +2) [mutagenic meat]
 38565 | Snake:4  | Lost mutation: Your magical capacity is low. (-10% MP) [mutagenic meat]
 38592 | Snake:4  | Gained mutation: Armour fits poorly on your strangely shaped body. [mutagenic meat]
 38593 | Snake:4  | Lost mutation: Armour fits poorly on your strangely shaped body. [mutagenic meat]
 38596 | Snake:4  | Gained mutation: You expend magic power (3 MP) to strengthen your wands. [mutagenic meat]
 38642 | Snake:4  | Lost mutation: You have hoof-like feet. [mutagenic meat]
 38643 | Snake:4  | Gained mutation: Your body sometimes deteriorates upon taking damage. [mutagenic meat]
 38644 | Snake:4  | Lost mutation: Your natural rate of healing is unusually fast. [mutagenic meat]
 38915 | Snake:4  | Got a serpentine rune of Zot
 38933 | Snake:4  | Gained mutation: You are robust. (+10% HP) [mutagenic meat]
 38934 | Snake:4  | Gained mutation: You have a pair of small antennae on your head. [mutagenic meat]
 39993 | Elf:1    | Entered Level 1 of the Elven Halls
 40230 | Elf:1    | Found Zoawnat's Book Shop.
 40603 | Elf:1    | Reached XP level 20. HP: 100/146 MP: 32/32
 40766 | Elf:1    | Identified Sif Muna's Tome of the Entourage
 41708 | Elf:2    | Found a runed gate.
 41708 | Elf:2    | Found a runed gate.
 41714 | Elf:2    | Found a runed gate.
 41828 | Elf:2    | Found Hewuen's Jewellery Shoppe.
 41851 | Elf:2    | Bought a cursed ring of teleportation for 72 gold pieces
 41851 | Elf:2    | Bought a cursed -3 ring of slaying for 32 gold pieces
 42079 | Elf:2    | Reached skill level 15 in Maces & Flails
 42129 | Elf:2    | Found a radiant altar of Vehumet.
 43555 | Vaults:1 | Entered Level 1 of the Vaults
 43924 | Vaults:1 | Lost mutation: Your body sometimes deteriorates upon taking damage. [mutagenic meat]
 43925 | Vaults:1 | Lost mutation: You expend magic power (3 MP) to strengthen your wands. [mutagenic meat]
 44269 | Vaults:1 | Gained mutation: Your body sometimes deteriorates upon taking damage. [mutagenic meat]
 44674 | Vaults:1 | Found Peantemi's General Store.
 44765 | Vaults:1 | Gained mutation: You are clumsy. (Dex -2) [mutagenic meat]
 44766 | Vaults:1 | Gained mutation: You passively map the area around you. [mutagenic meat]
 44767 | Vaults:1 | Lost mutation: Your body sometimes deteriorates upon taking damage. [mutagenic meat]
 45021 | Vaults:1 | Reached XP level 21. HP: 152/152 MP: 33/33
 45744 | Vaults:2 | Found Qinucag's Food Emporium.
 47246 | Vaults:2 | Lost mutation: You have supernaturally acute eyesight. (SInv) [mutagenic meat]
 47368 | Vaults:3 | Lost mutation: You possess an exceptional clarity of mind. [potion of mutation]
 47368 | Vaults:3 | Lost mutation: Your muscles are strong. (Str +2) [potion of mutation]
 47368 | Vaults:3 | Lost mutation: You have large cloven feet. [potion of mutation]
 47368 | Vaults:3 | Lost mutation: You are clumsy. (Dex -2) [potion of mutation]
 47368 | Vaults:3 | Lost mutation: You have a pair of small antennae on your head. [potion of mutation]
 47368 | Vaults:3 | Gained mutation: Scrolls take you a little longer to read. [potion of mutation]
 47368 | Vaults:3 | Gained mutation: You possess an exceptional clarity of mind. [potion of mutation]
 47368 | Vaults:3 | Gained mutation: You are very robust. (+20% HP) [potion of mutation]
 47884 | Vaults:3 | Gained mutation: You occasionally shout uncontrollably at your foes. [mutagenic meat]
 47888 | Vaults:3 | Gained mutation: Your spells are a little harder to cast, but a little more powerful. [mutagenic meat]
 47890 | Vaults:3 | Lost mutation: Your spells are a little harder to cast, but a little more powerful. [mutagenic meat]
 47893 | Vaults:3 | Gained mutation: Your spells are a little harder to cast, but a little more powerful. [mutagenic meat]
 48294 | Vaults:3 | Lost mutation: Scrolls take you a little longer to read. [potion of mutation]
 48294 | Vaults:3 | Lost mutation: You possess an exceptional clarity of mind. [potion of mutation]
 48294 | Vaults:3 | Lost mutation: You occasionally shout uncontrollably at your foes. [potion of mutation]
 48294 | Vaults:3 | Lost mutation: Your spells are a little harder to cast, but a little more powerful. [potion of mutation]
 48294 | Vaults:3 | Gained mutation: You are resistant to hostile enchantments. (MR+) [potion of mutation]
 48389 | Vaults:3 | Gained mutation: Your spells are a little harder to cast, but a little more powerful. [mutagenic meat]
 48401 | Vaults:3 | Gained mutation: You can translocate small distances at will. [mutagenic meat]
 48402 | Vaults:3 | Gained mutation: Your spells are harder to cast, but more powerful. [mutagenic meat]
 48406 | Vaults:3 | Gained mutation: Your spells are much harder to cast, but much more powerful. [mutagenic meat]
 48409 | Vaults:3 | Gained mutation: You have an increased reservoir of magic. (+10% MP) [mutagenic meat]
 48489 | Vaults:3 | Found an iron altar of Okawaru.
 48703 | Vaults:3 | Found a staircase to the Crypt.
 48820 | Vaults:3 | Found Hulluv's Assorted Antiques.
 48833 | Vaults:3 | Found Azeajeh's Book Boutique.
 49224 | Vaults:3 | Reached XP level 22. HP: 176/176 MP: 38/38
 49383 | Vaults:3 | Lost mutation: You passively map the area around you. [mutagenic meat]
 49384 | Vaults:3 | Lost mutation: You have an increased reservoir of magic. (+10% MP) [mutagenic meat]
 49385 | Vaults:3 | Gained mutation: You have a pair of small antennae on your head. [mutagenic meat]
 49386 | Vaults:3 | Gained mutation: Your mind is acute. (Int +2) [mutagenic meat]
 49868 | Vaults:3 | Found Inijin's Weapon Shop.
 49869 | Vaults:3 | Found Dyschey's Antique Weapon Shoppe.
 50590 | Vaults:4 | Lost mutation: You are very robust. (+20% HP) [mutagenic meat]
 50591 | Vaults:4 | Gained mutation: You are agile. (Dex +2) [mutagenic meat]
 50595 | Vaults:4 | Lost mutation: Your mind is acute. (Int +2) [mutagenic meat]
 50596 | Vaults:4 | Lost mutation: You have a pair of small antennae on your head. [mutagenic meat]
 50605 | Vaults:4 | Lost mutation: You are robust. (+10% HP) [mutagenic meat]
 51186 | Vaults:4 | Found Haodghiu's Weapon Shoppe.
 51484 | Vaults:4 | Gained mutation: Your body sometimes deteriorates upon taking damage. [mutagenic meat]
 51486 | Vaults:4 | Lost mutation: You are partially covered in thin metallic scales. (AC +2) [mutagenic meat]
 51731 | Vaults:4 | Lost mutation: Your body sometimes deteriorates upon taking damage. [mutagenic meat]
 51732 | Vaults:4 | Gained mutation: You are very agile. (Dex +4) [mutagenic meat]
 51736 | Vaults:4 | Lost mutation: You can translocate small distances at will. [mutagenic meat]
 51737 | Vaults:4 | Gained mutation: You are frail. (-10% HP) [mutagenic meat]
 51738 | Vaults:4 | Gained mutation: You expend magic power (3 MP) to strengthen your wands. [mutagenic meat]
 51739 | Vaults:4 | Lost mutation: You are frail. (-10% HP) [mutagenic meat]
 52168 | Depths:1 | Entered Level 1 of the Depths
 52184 | Depths:1 | Found Aclonog's Quality Used Wands.
 52427 | Depths:1 | Found Roug's Book Boutique.
 52522 | Depths:1 | Found a one-way gate to the infinite horrors of the Abyss.
 53031 | Depths:1 | Found a gateway to Hell.
 53039 | Depths:1 | Reached XP level 23. HP: 155/155 MP: 36/36
 53462 | Depths:2 | Noticed Asterion
 53747 | Depths:2 | Killed Asterion
 53769 | Depths:2 | Noticed dafubar's ghost (journeyman MiBe)
 53790 | Depths:2 | Killed dafubar's ghost
 54952 | Depths:2 | Lost mutation: You expend magic power (3 MP) to strengthen your wands. [mutagenic meat]
 54953 | Depths:2 | Gained mutation: You have sharp toenails. [mutagenic meat]
 54954 | Depths:2 | Lost mutation: You have sharp toenails. [mutagenic meat]
 54956 | Depths:2 | Gained mutation: You are dopey. (Int -2) [mutagenic meat]
 54957 | Depths:2 | Gained mutation: You are partially covered in large bone plates. (SH +4) [mutagenic meat]
 54960 | Depths:2 | Lost mutation: You are very agile. (Dex +4) [mutagenic meat]
 54961 | Depths:2 | Gained mutation: Your muscles are strong. (Str +2) [mutagenic meat]
 55171 | Depths:3 | Lost mutation: Your muscles are strong. (Str +2) [mutagenic meat]
 55173 | Depths:3 | Gained mutation: You evolve. [mutagenic meat]
 55270 | Depths:2 | Lost mutation: Your spells are much harder to cast, but much more powerful. [mutagenic meat]
 55271 | Depths:2 | Gained mutation: Your spells are much harder to cast, but much more powerful. [mutagenic meat]
 55275 | Depths:2 | Lost mutation: You are surrounded by a moderate repulsion field. (EV +3) [mutagenic meat]
 55276 | Depths:2 | Lost mutation: You are agile. (Dex +2) [mutagenic meat]
 55277 | Depths:2 | Gained mutation: You are very dopey. (Int -4) [mutagenic meat]
 55278 | Depths:2 | Gained mutation: You tend to lose your temper in combat. [mutagenic meat]
 55281 | Depths:2 | Gained mutation: You are robust. (+10% HP) [mutagenic meat]
 55282 | Depths:2 | Lost mutation: You are robust. (+10% HP) [mutagenic meat]
 55283 | Depths:2 | Gained mutation: Armour fits poorly on your strangely shaped body. [mutagenic meat]
 55288 | Depths:2 | Gained mutation: You have a pair of small horns on your head. [mutagenic meat]
 55289 | Depths:2 | Gained mutation: You have a pair of horns on your head. [mutagenic meat]
 55293 | Depths:2 | Lost mutation: You evolve. [mutagenic meat]
 55294 | Depths:2 | Lost mutation: You tend to lose your temper in combat. [mutagenic meat]
 55295 | Depths:2 | Gained mutation: You are partially covered in rugged brown scales. (AC +1, +3% HP) [mutagenic meat]
 55297 | Depths:2 | Lost mutation: You have a pair of horns on your head. [potion of mutation]
 55297 | Depths:2 | Lost mutation: Your spells are much harder to cast, but much more powerful. [potion of mutation]
 55297 | Depths:2 | Lost mutation: You passively map a small area around you. [potion of mutation]
 55297 | Depths:2 | Lost mutation: You are partially covered in large bone plates. (SH +4) [potion of mutation]
 55297 | Depths:2 | Gained mutation: You are clumsy. (Dex -2) [potion of mutation]
 55297 | Depths:2 | Gained mutation: Your flesh is cold resistant. (rC+) [potion of mutation]
 55561 | Depths:2 | Lost mutation: You are resistant to hostile enchantments. (MR+) [mutagenic meat]
 55564 | Depths:2 | Gained mutation: You are covered in fur. (AC +1) [mutagenic meat]
 55575 | Depths:2 | Lost mutation: You are clumsy. (Dex -2) [mutagenic meat]
 55576 | Depths:2 | Lost mutation: You are surrounded by a mild repulsion field. (EV +2) [mutagenic meat]
 55577 | Depths:2 | Lost mutation: You are very dopey. (Int -4) [mutagenic meat]
 55751 | Depths:2 | Lost mutation: You are dopey. (Int -2) [mutagenic meat]
 55909 | Depths:3 | Gained mutation: You are agile. (Dex +2) [mutagenic meat]
 55910 | Depths:3 | Gained mutation: You have a pair of horns on your head. [mutagenic meat]
 56151 | Depths:3 | Reached skill level 10 in Throwing
 56348 | Depths:3 | Found Camucob's Jewellery Shop.
 56496 | Depths:3 | Found a one-way gate leading to the halls of Pandemonium.
 56557 | Depths:3 | Reached XP level 24. HP: 160/164 MP: 36/36
 56602 | Depths:3 | Gained mutation: You are partially covered in large bone plates. (SH +4) [mutagenic meat]
 56603 | Depths:3 | Gained mutation: You are very agile. (Dex +4) [mutagenic meat]
 56605 | Depths:3 | Gained mutation: Your body sometimes deteriorates upon taking damage. [mutagenic meat]
 56606 | Depths:3 | Lost mutation: You are very agile. (Dex +4) [mutagenic meat]
 56607 | Depths:3 | Lost mutation: You have a pair of horns on your head. [mutagenic meat]
 56611 | Depths:3 | Lost mutation: Armour fits poorly on your strangely shaped body. [mutagenic meat]
 56616 | Depths:3 | Gained mutation: You expend magic power (3 MP) to strengthen your wands. [mutagenic meat]
 56617 | Depths:3 | Lost mutation: You are agile. (Dex +2) [mutagenic meat]
 56618 | Depths:3 | Gained mutation: Your spells are much harder to cast, but much more powerful. [mutagenic meat]
 57861 | Depths:4 | Noticed a juggernaut
 58187 | Depths:3 | Killed a juggernaut
 58664 | Orc:2    | Bought the ring of Sihun {rF+ rC+ Dex+6} for 722 gold pieces
 58919 | Depths:4 | Lost mutation: You are partially covered in rugged brown scales. (AC +1, +3% HP) [mutagenic meat]
 58921 | Depths:4 | Gained mutation: Your flesh is heat resistant. (rF+) [mutagenic meat]
 58924 | Depths:4 | Lost mutation: You have a pair of small horns on your head. [mutagenic meat]
 58928 | Depths:4 | Gained mutation: Your magical capacity is low. (-10% MP) [mutagenic meat]
 58930 | Depths:4 | Gained mutation: You are clumsy. (Dex -2) [mutagenic meat]
 59514 | Depths:4 | Found a gateway to a ziggurat.
 59645 | Depths:4 | Lost mutation: Your flesh is heat resistant. (rF+) [mutagenic meat]
 59920 | Depths:4 | Gained mutation: Scrolls take you a little longer to read. [mutagenic meat]
 59924 | Depths:4 | Lost mutation: Scrolls take you a little longer to read. [mutagenic meat]
 59925 | Depths:4 | Gained mutation: You have large cloven feet. [mutagenic meat]
 59929 | Depths:4 | Gained mutation: Scrolls take you a little longer to read. [mutagenic meat]
 59930 | Depths:4 | Gained mutation: Your movements are slightly less encumbered by armour. (ER -2) [mutagenic meat]
 59934 | Depths:4 | Lost mutation: You are clumsy. (Dex -2) [mutagenic meat]
 59935 | Depths:4 | Lost mutation: Your body sometimes deteriorates upon taking damage. [mutagenic meat]
 60042 | Depths:4 | Reached XP level 25. HP: 168/168 MP: 32/32
 60072 | Depths:5 | Entered Level 5 of the Depths
 60072 | Depths:5 | Found Upumul's Jewellery Shoppe.
 60139 | Depths:4 | Gained mutation: Your skin changes colour to match your surroundings (Stealth+). [mutagenic meat]
 60140 | Depths:4 | Lost mutation: Your magical capacity is low. (-10% MP) [mutagenic meat]
 60940 | Depths:5 | Noticed a juggernaut
 60967 | Depths:5 | Killed a juggernaut
 61759 | Depths:5 | Lost mutation: Your spells are much harder to cast, but much more powerful. [mutagenic meat]
 61760 | Depths:5 | Lost mutation: Your spells are harder to cast, but more powerful. [mutagenic meat]
 61761 | Depths:5 | Gained mutation: Your body sometimes deteriorates upon taking damage. [mutagenic meat]
 61845 | Depths:5 | Found a gate to the Realm of Zot.
 62221 | D:9      | Bought the ring of Vukymaojix {rN+ Dex+4} for 649 gold pieces
 62415 | Vaults:5 | Entered Level 5 of the Vaults
 63147 | Vaults:5 | Noticed an ancient lich
 63261 | Vaults:4 | Reached XP level 26. HP: 145/177 MP: 37/37
 63273 | Vaults:4 | Lost mutation: Your body sometimes deteriorates upon taking damage. [mutagenic meat]
 63274 | Vaults:4 | Gained mutation: You passively map a small area around you. [mutagenic meat]
 63643 | Vaults:4 | Gained mutation: You have a pair of small horns on your head. [mutagenic meat]
 63644 | Vaults:4 | Lost mutation: You are covered in fur. (AC +1) [mutagenic meat]
 63645 | Vaults:4 | Gained mutation: Your mind is acute. (Int +2) [mutagenic meat]
 63696 | Vaults:5 | Paralysed by an ancient lich for 4 turns
 63715 | Vaults:4 | Killed an ancient lich
 64965 | Vaults:5 | Lost mutation: Your flesh is cold resistant. (rC+) [mutagenic meat]
 64966 | Vaults:5 | Lost mutation: You have large cloven feet. [mutagenic meat]
 65004 | Vaults:5 | Got a silver rune of Zot
 65896 | Vaults:3 | Lost mutation: You have a pair of small horns on your head. [potion of mutation]
 65896 | Vaults:3 | Lost mutation: You expend magic power (3 MP) to strengthen your wands. [potion of mutation]
 65896 | Vaults:3 | Lost mutation: Your mind is acute. (Int +2) [potion of mutation]
 65896 | Vaults:3 | Lost mutation: Scrolls take you a little longer to read. [potion of mutation]
 65896 | Vaults:3 | Lost mutation: You are partially covered in large bone plates. (SH +4) [potion of mutation]
 65896 | Vaults:3 | Gained mutation: Your mind is acute. (Int +2) [potion of mutation]
 65896 | Vaults:3 | Lost mutation: Your spells are a little harder to cast, but a little more powerful. [potion of mutation]
 65896 | Vaults:3 | Gained mutation: You have a pair of small antennae on your head. [potion of mutation]
 66004 | Vaults:2 | Reached skill level 10 in Dodging
 66007 | Vaults:2 | Gained mutation: You expend magic power (3 MP) to strengthen your wands. [mutagenic meat]
 66008 | Vaults:2 | Gained mutation: Scrolls take you a little longer to read. [mutagenic meat]
 66012 | Vaults:2 | Lost mutation: Your mind is acute. (Int +2) [mutagenic meat]
 66014 | Vaults:2 | Lost mutation: You expend magic power (3 MP) to strengthen your wands. [mutagenic meat]
 66015 | Vaults:2 | Gained mutation: Scrolls take you longer to read. [mutagenic meat]
 66016 | Vaults:2 | Lost mutation: You have a pair of small antennae on your head. [mutagenic meat]
 66017 | Vaults:2 | Gained mutation: Scrolls take you much longer to read. [mutagenic meat]
 66423 | Slime:1  | Entered Level 1 of the Pits of Slime
 66623 | Slime:2  | Reached XP level 27. HP: 160/182 MP: 37/37
 66841 | Slime:1  | Gained mutation: Armour fits poorly on your strangely shaped body. [a shining eye]
 66938 | Slime:1  | Gained mutation: Your spells are a little easier to cast, but a little less powerful. [a shining eye]
 66940 | Slime:1  | Gained mutation: You are frail. (-10% HP) [a shining eye]
 66942 | Slime:1  | Gained mutation: You are dopey. (Int -2) [a shining eye]
 66944 | Slime:1  | Gained mutation: You are agile. (Dex +2) [a shining eye]
 67098 | Slime:1  | Gained mutation: You expend magic power (3 MP) to strengthen your wands. [a shining eye]
 67559 | Slime:2  | Gained mutation: You are very dopey. (Int -4) [a shining eye]
 67667 | Slime:3  | Lost mutation: You are agile. (Dex +2) [a shining eye]
 67671 | Slime:3  | Gained mutation: Your spells are easier to cast, but less powerful. [a shining eye]
 68227 | Slime:5  | Entered Level 5 of the Pits of Slime
 68879 | Slime:5  | Noticed the Royal Jelly
 69942 | Slime:5  | Killed the Royal Jelly
 70662 | Slime:5  | Got a glittering steel ring
 70666 | Slime:5  | Identified the ring "Qaubuw" {rCorr *Drain MR+ Int+2 Dex+7} (You found it on level 5 of the Pits of Slime)
 70706 | Slime:5  | Identified the +2 shield "Udafub" {rN+++ MR+ Str-4} (You found it on level 5 of the Pits of Slime)
 70708 | Slime:5  | Got a slimy rune of Zot
 70713 | Slime:5  | Identified the +0 pair of boots of the Iron City of Dis {rElec rPois rF+ MR++} (You found it on level 5 of the Pits of Slime)
 70764 | Slime:5  | Lost mutation: You are very dopey. (Int -4) [potion of mutation]
 70764 | Slime:5  | Lost mutation: Scrolls take you much longer to read. [potion of mutation]
 70764 | Slime:5  | Lost mutation: You are dopey. (Int -2) [potion of mutation]
 70764 | Slime:5  | Lost mutation: You are frail. (-10% HP) [potion of mutation]
 70764 | Slime:5  | Lost mutation: You expend magic power (3 MP) to strengthen your wands. [potion of mutation]
 70764 | Slime:5  | Gained mutation: Your flesh is cold resistant. (rC+) [potion of mutation]
 71426 | Vaults:1 | Bought a potion of mutation for 136 gold pieces
 71426 | Vaults:1 | Lost mutation: Scrolls take you longer to read. [potion of mutation]
 71426 | Vaults:1 | Lost mutation: Armour fits poorly on your strangely shaped body. [potion of mutation]
 71426 | Vaults:1 | Lost mutation: Scrolls take you a little longer to read. [potion of mutation]
 71426 | Vaults:1 | Gained mutation: Your mind is acute. (Int +2) [potion of mutation]
 71627 | Elf:3    | Entered Level 3 of the Elven Halls
 71812 | Elf:2    | Lost mutation: Your movements are slightly less encumbered by armour. (ER -2) [mutagenic meat]
 71813 | Elf:2    | Gained mutation: You are weak. (Str -2) [mutagenic meat]
 71964 | Elf:3    | Noticed Louise
 72007 | Elf:3    | Killed Louise
 73011 | Elf:3    | Upgraded the game from 0.21-a0-127-g329daca to 0.21-a0-128-gf2b353c
 73132 | Elf:3    | Identified the ring of Interdependent Arising {Wiz Str+3 Int+4} (You took it off a deep elf death mage on level 3 of the Elven Halls)
 73453 | Elf:3    | Identified the +7 plate armour of Fujat {rPois rCorr MP+9 Int+4} (You took it off a deep elf blademaster on level 3 of the Elven Halls)
 73559 | Elf:3    | Got a slimy steel ring
 73560 | Elf:3    | Identified the ring "Mampuet" {rPois rC++ Str+3 Dex-4 SInv} (You took it off a deep elf death mage on level 3 of the Elven Halls)
 73713 | Elf:3    | Identified the +0 helmet "Apetelej" {Int+3 Dex+4} (You found it on level 3 of the Elven Halls)
 73720 | Elf:3    | Identified the Disquisition on Glacial Flight
 73749 | Elf:3    | Identified the Volume of Companions
 74127 | D:4      | Fell from the grace of Elyvilon
 74127 | D:4      | Became a worshipper of the Shining One
 74127 | D:4      | Reached * piety under the Shining One
 74127 | D:4      | Reached ** piety under the Shining One
 74127 | D:4      | Reached *** piety under the Shining One
 74333 | D:13     | Gained mutation: You are somewhat resistant to further mutation. [mutagenic meat]
 74555 | Crypt:1  | Entered Level 1 of the Crypt
 74578 | Crypt:1  | Reached **** piety under the Shining One
 74686 | Crypt:1  | Found a basalt altar of Yredelemnul.
 74727 | Crypt:1  | Reached ***** piety under the Shining One
 75209 | Crypt:1  | Reached ****** piety under the Shining One
 75589 | D:4      | Identified a +9 eveningstar of holy wrath (a +8 eveningstar of protection blessed by the Shining One)
 75589 | D:4      | Received a gift from the Shining One
 77111 | Crypt:3  | Entered Level 3 of the Crypt
 77865 | Crypt:3  | Identified the ring of Coronation {rF+ rN+ Int-2 Dex+6} (You found it on level 3 of the Crypt)
 78297 | Crypt:3  | Found an ancient bone altar of Kikubaaqudgha.
 78424 | Crypt:3  | Noticed an ancient lich
 78488 | Crypt:3  | Found a staircase to the Tomb.
 78600 | Crypt:3  | Killed an ancient lich
 78997 | Zot:1    | Entered Level 1 of the Realm of Zot
 79312 | D:11     | Bought a scroll of enchant armour for 90 gold pieces
 82503 | Zot:2    | Noticed an orb of fire
 82518 | Zot:2    | Killed an orb of fire
 86311 | Zot:4    | Identified Rain's Grimoire of Attacks
 86487 | Zot:5    | Entered Level 5 of the Realm of Zot
 87048 | Zot:5    | Noticed an ancient lich
 87050 | Zot:5    | Noticed an ancient lich
 87052 | Zot:5    | Killed an ancient lich
 87060 | Zot:5    | Killed an ancient lich
 87178 | Zot:5    | Noticed an orb of fire
 87195 | Zot:5    | Killed an orb of fire
 87767 | Zot:5    | Identified the +1 shield of the Elven Halls {rCorr Str-5 Int+5 Slay+3} (You acquired it on level 5 of the Realm of Zot)
 87854 | Zot:5    | Noticed an orb of fire
 87870 | Zot:5    | Noticed an ancient lich
 87871 | Zot:5    | Noticed an orb of fire
 87878 | Zot:5    | Killed an orb of fire
 87892 | Zot:5    | Killed an ancient lich
 87905 | Zot:5    | Killed an orb of fire
 87906 | Zot:5    | Noticed an orb of fire
 87917 | Zot:5    | Gained mutation: You are clumsy. (Dex -2) [an orb of fire]
 87918 | Zot:5    | Killed an orb of fire
 87950 | Zot:5    | Paralysed by the power of Zot for 3 turns
 88092 | Zot:5    | Noticed an ancient lich
 88097 | Zot:5    | Killed an ancient lich
 88170 | Zot:5    | Noticed an orb of fire
 88186 | Zot:5    | Gained mutation: You do not regenerate when monsters are visible. [an orb of fire]
 88191 | Zot:5    | Killed an orb of fire
 88401 | Zot:5    | Noticed an orb of fire
 88420 | Zot:5    | Killed an orb of fire
 88490 | Zot:5    | Noticed an ancient lich
 88501 | Zot:5    | Killed an ancient lich
 89191 | Zot:5    | Noticed an orb of fire
 89198 | Zot:5    | Gained mutation: Scrolls take you a little longer to read. [an orb of fire]
 89199 | Zot:5    | Gained mutation: Your spells are much easier to cast, but much less powerful. [an orb of fire]
 89201 | Zot:5    | Gained mutation: Your magical capacity is low. (-10% MP) [an orb of fire]
 89208 | Zot:5    | Lost mutation: Your mind is acute. (Int +2) [an orb of fire]
 89209 | Zot:5    | Gained mutation: Armour fits poorly on your strangely shaped body. [an orb of fire]
 89214 | Zot:5    | Killed an orb of fire
 89223 | Zot:5    | Noticed an orb of fire
 89241 | Zot:5    | Killed an orb of fire
 90184 | Vaults:3 | Bought a potion of mutation for 240 gold pieces
 90184 | Vaults:3 | Lost mutation: Armour fits poorly on your strangely shaped body. [potion of mutation]
 90184 | Vaults:3 | Lost mutation: Your magical capacity is low. (-10% MP) [potion of mutation]
 90184 | Vaults:3 | Lost mutation: Your spells are much easier to cast, but much less powerful. [potion of mutation]
 90184 | Vaults:3 | Lost mutation: Scrolls take you a little longer to read. [potion of mutation]
 90184 | Vaults:3 | Lost mutation: You passively map a small area around you. [potion of mutation]
 90184 | Vaults:3 | Gained mutation: You are partially covered in thin metallic scales. (AC +2) [potion of mutation]
 90184 | Vaults:3 | Gained mutation: You have a pair of small antennae on your head. [potion of mutation]
 90407 | Hell     | Entered the Vestibule of Hell
 90407 | Hell     | Noticed Geryon
 90621 | Hell     | Killed Geryon
 90848 | Hell     | Found a gateway to the decaying netherworld of Tartarus.
 90997 | Hell     | Found a gateway to the ashen valley of Gehenna.
 91196 | Hell     | Found a gateway to the Iron City of Dis.
 91364 | Hell     | Found a gateway to the freezing wastes of Cocytus.
 91510 | Depths:4 | Voluntarily entered the Abyss.
 92207 | Abyss:4  | Paralysed by accursed screaming for 1 turns
 92220 | Abyss:5  | Entered Level 5 of the Abyss
 92542 | Abyss:5  | Gained mutation: You are very clumsy. (Dex -4) [a neqoxec]
 92621 | Abyss:5  | Got an abyssal rune of Zot
 92679 | Depths:4 | Escaped the Abyss
 92830 | Depths:3 | Upgraded the game from 0.21-a0-128-gf2b353c to 0.21-a0-135-g8dc100c
 92831 | Pan      | Entered Pandemonium
 92870 | Pan      | Noticed Nantij the pandemonium lord
 92927 | Pan      | Killed Nantij the pandemonium lord
 93027 | Pan      | Found an exit through the horrors of the Abyss.
 93656 | Pan      | Noticed Xeupeef the pandemonium lord
 93678 | Pan      | Killed Xeupeef the pandemonium lord
 94137 | Pan      | Found an exit through the horrors of the Abyss.
 94243 | Pan      | Gained mutation: Armour fits poorly on your strangely shaped body. [a neqoxec]
 94910 | Pan      | Noticed Eluos the pandemonium lord
 94921 | Pan      | Killed Eluos the pandemonium lord
 95342 | Pan      | Found an exit through the horrors of the Abyss.
 96031 | Pan      | HP: 1/195 [hellion/damnation (18)]
 96508 | Pan      | Got a demonic rune of Zot
 96959 | Pan      | Found an exit through the horrors of the Abyss.
 98072 | Pan      | Found an exit through the horrors of the Abyss.
 98129 | Pan      | Found a runed door.
 98138 | Pan      | Found a runed door.
 98149 | Pan      | Found a runed door.
 98200 | Pan      | Found a runed door.
 99012 | Pan      | Noticed Wiexitub the pandemonium lord
 99017 | Pan      | Killed Wiexitub the pandemonium lord
 99312 | Pan      | Found an exit through the horrors of the Abyss.
 99358 | Pan      | Noticed Aluv the pandemonium lord
 99387 | Pan      | Killed Aluv the pandemonium lord
 99907 | Pan      | Gained mutation: You are dopey. (Int -2) [a cacodemon]
100130 | Pan      | Entered the realm of Cerebov.
100331 | Pan      | Found an exit through the horrors of the Abyss.
100566 | Pan      | Lost mutation: You do not regenerate when monsters are visible. [potion of mutation]
100566 | Pan      | Lost mutation: You are dopey. (Int -2) [potion of mutation]
100566 | Pan      | Lost mutation: You are somewhat resistant to further mutation. [potion of mutation]
100566 | Pan      | Lost mutation: You have a pair of small antennae on your head. [potion of mutation]
100566 | Pan      | Lost mutation: Armour fits poorly on your strangely shaped body. [potion of mutation]
100566 | Pan      | Gained mutation: You passively map a small area around you. [potion of mutation]
100566 | Pan      | Lost mutation: Your spells are easier to cast, but less powerful. [potion of mutation]
101709 | Pan      | Noticed Cerebov
101738 | Pan      | Killed Cerebov
101793 | Pan      | Got a fiery rune of Zot
102276 | Pan      | Noticed Raodgh the pandemonium lord
102288 | Pan      | Killed Raodgh the pandemonium lord
102406 | Pan      | Found an exit through the horrors of the Abyss.
103617 | Pan      | Gained mutation: Your body sometimes deteriorates upon taking damage. [a neqoxec]
104158 | Pan      | Reached skill level 27 in Invocations
104975 | Pan      | Noticed Umicsoash the pandemonium lord
104985 | Pan      | Killed Umicsoash the pandemonium lord
105257 | Pan      | Lost mutation: Your body sometimes deteriorates upon taking damage. [potion of mutation]
105257 | Pan      | Lost mutation: Your flesh is cold resistant. (rC+) [potion of mutation]
105257 | Pan      | Gained mutation: You have large cloven feet. [potion of mutation]
105257 | Pan      | Gained mutation: You do not regenerate when monsters are visible. [potion of mutation]
105257 | Pan      | Gained mutation: You passively map the area around you. [potion of mutation]
105329 | Pan      | Reached skill level 27 in Fighting
105432 | Pan      | Found an exit through the horrors of the Abyss.
106006 | Pan      | Noticed Nirrit the pandemonium lord
106036 | Pan      | Killed Nirrit the pandemonium lord
106652 | Pan      | Found an exit through the horrors of the Abyss.
106828 | Pan      | Gained mutation: You are frail. (-10% HP) [a neqoxec]
106885 | Pan      | Reached skill level 27 in Shields
106987 | Pan      | Gained mutation: You tend to lose your temper in combat. [a neqoxec]
108569 | Pan      | Found an exit through the horrors of the Abyss.
108636 | Pan      | Reached skill level 27 in Armour
108816 | Pan      | Noticed Logruoci the pandemonium lord
108823 | Pan      | Killed Logruoci the pandemonium lord
108857 | Depths:3 | Escaped Pandemonium
109606 | Pan      | Entered Pandemonium
109642 | Pan      | Noticed Lusaduorgh the pandemonium lord
109661 | Pan      | Killed Lusaduorgh the pandemonium lord
109983 | Pan      | Lost mutation: You are partially covered in thin metallic scales. (AC +2) [potion of mutation]
109983 | Pan      | Lost mutation: You have large cloven feet. [potion of mutation]
109983 | Pan      | Lost mutation: You are frail. (-10% HP) [potion of mutation]
109983 | Pan      | Lost mutation: Your spells are a little easier to cast, but a little less powerful. [potion of mutation]
109983 | Pan      | Lost mutation: You tend to lose your temper in combat. [potion of mutation]
109983 | Pan      | Lost mutation: You are very clumsy. (Dex -4) [potion of mutation]
109983 | Pan      | Gained mutation: You are frail. (-10% HP) [potion of mutation]
109983 | Pan      | Lost mutation: You are clumsy. (Dex -2) [potion of mutation]
109983 | Pan      | Gained mutation: You are partially covered in rugged brown scales. (AC +1, +3% HP) [potion of mutation]
109983 | Pan      | Gained mutation: Your movements are slightly less encumbered by armour. (ER -2) [potion of mutation]
110368 | Pan      | Found an exit through the horrors of the Abyss.
110750 | Pan      | Noticed Ittusin the pandemonium lord
110759 | Pan      | Killed Ittusin the pandemonium lord
110781 | Pan      | Noticed Mennas
110811 | Pan      | Killed Mennas
111116 | Pan      | Found an exit through the horrors of the Abyss.
111528 | Pan      | Found an exit through the horrors of the Abyss.
111689 | Pan      | Noticed Reiqipn the pandemonium lord
111702 | Pan      | Killed Reiqipn the pandemonium lord
111702 | Pan      | Reached skill level 15 in Throwing
111870 | Pan      | Gained mutation: Scrolls take you a little longer to read. [a cacodemon]
112474 | Pan      | Found an exit through the horrors of the Abyss.
112612 | Pan      | Noticed Rigocus the pandemonium lord
112623 | Pan      | Killed Rigocus the pandemonium lord
113616 | Depths:3 | Escaped Pandemonium
113719 | Depths:1 | Bought a book of the Warp for 1530 gold pieces
113729 | Depths:1 | Learned a level 8 spell: Controlled Blink
113733 | Depths:1 | Learned a level 3 spell: Portal Projectile
113819 | Pan      | Entered Pandemonium
113862 | Pan      | Noticed Muheitoy the pandemonium lord
113874 | Pan      | Killed Muheitoy the pandemonium lord
114030 | Pan      | Found an exit through the horrors of the Abyss.
114768 | Pan      | Found an exit through the horrors of the Abyss.
114939 | Pan      | Noticed Onorgh the pandemonium lord
114955 | Pan      | Killed Onorgh the pandemonium lord
114974 | Pan      | Gained mutation: Your body sometimes deteriorates upon taking damage. [a neqoxec]
115007 | Pan      | Gained mutation: You are very frail. (-20% HP) [a neqoxec]
115575 | Pan      | Gained mutation: You occasionally shout uncontrollably at your foes. [a neqoxec]
115577 | Pan      | Lost mutation: Your body sometimes deteriorates upon taking damage. [a neqoxec]
115605 | Pan      | Gained mutation: Your spells are a little easier to cast, but a little less powerful. [a neqoxec]
115606 | Pan      | Gained mutation: Your magical capacity is very low. (-20% MP) [a neqoxec]
115609 | Pan      | Gained mutation: Your spells are easier to cast, but less powerful. [a neqoxec]
115685 | Pan      | Entered the realm of Lom Lobon.
116221 | Pan      | Found an exit through the horrors of the Abyss.
116543 | Pan      | Reached skill level 27 in Maces & Flails
117214 | Pan      | Noticed Lom Lobon
117232 | Pan      | Killed Lom Lobon
117313 | Pan      | Got a magical rune of Zot
117667 | Pan      | Found an exit through the horrors of the Abyss.
117714 | Pan      | Noticed Uvot the pandemonium lord
117724 | Pan      | Killed Uvot the pandemonium lord
118150 | Pan      | Gained mutation: You sometimes yell uncontrollably at your foes. [a neqoxec]
118465 | Pan      | Reached skill level 15 in Dodging
118640 | Pan      | Gained mutation: You expend magic power (3 MP) to strengthen your wands. [a neqoxec]
119131 | Pan      | Gained mutation: Your magical capacity is very low. (-20% MP) [a neqoxec]
119231 | Pan      | Noticed Ferih the pandemonium lord
119243 | Pan      | Killed Ferih the pandemonium lord
119640 | Pan      | Found an exit through the horrors of the Abyss.
120237 | Pan      | Found an exit through the horrors of the Abyss.
120902 | Pan      | Noticed Vuckess the pandemonium lord
120916 | Pan      | Killed Vuckess the pandemonium lord
121846 | Pan      | Noticed Omisten the pandemonium lord
121857 | Pan      | Killed Omisten the pandemonium lord
122901 | Pan      | Found an exit through the horrors of the Abyss.
123208 | Pan      | Noticed Lisoilua the pandemonium lord
123547 | Pan      | Lost mutation: Scrolls take you a little longer to read. [potion of mutation]
123547 | Pan      | Lost mutation: Your magical capacity is very low. (-20% MP) [potion of mutation]
123547 | Pan      | Lost mutation: You passively map the area around you. [potion of mutation]
123547 | Pan      | Lost mutation: You sometimes yell uncontrollably at your foes. [potion of mutation]
123547 | Pan      | Lost mutation: You are very frail. (-20% HP) [potion of mutation]
123547 | Pan      | Lost mutation: You passively map a small area around you. [potion of mutation]
123547 | Pan      | Lost mutation: You are weak. (Str -2) [potion of mutation]
124234 | Pan      | Found an exit through the horrors of the Abyss.
124498 | Pan      | Killed Lisoilua the pandemonium lord
124782 | Pan      | Noticed Myposiukk the pandemonium lord
124806 | Pan      | Killed Myposiukk the pandemonium lord
124901 | Pan      | Found an exit through the horrors of the Abyss.
125289 | Pan      | Entered the realm of Mnoleg.
125518 | Pan      | Lost mutation: You are frail. (-10% HP) [a neqoxec]
125586 | Pan      | Gained mutation: Armour fits poorly on your strangely shaped body. [a cacodemon]
125599 | Pan      | Gained mutation: Scrolls take you a little longer to read. [a cacodemon]
125604 | Pan      | Gained mutation: Your body sometimes deteriorates upon taking damage. [a cacodemon]
125617 | Pan      | Lost mutation: You occasionally shout uncontrollably at your foes. [a neqoxec]
125622 | Pan      | Lost mutation: Armour fits poorly on your strangely shaped body. [mutagenic meat]
125624 | Pan      | Lost mutation: You expend magic power (3 MP) to strengthen your wands. [mutagenic meat]
125741 | Pan      | Found an exit through the horrors of the Abyss.
126201 | Pan      | Paralysed by a floating eye for 4 turns
126206 | Pan      | Gained mutation: Scrolls take you longer to read. [a shining eye]
126208 | Pan      | Gained mutation: Scrolls take you much longer to read. [a shining eye]
126213 | Pan      | Noticed Mnoleg
126215 | Pan      | Gained mutation: You tend to lose your temper in combat. [a cacodemon]
126215 | Pan      | Gained mutation: You are dopey. (Int -2) [a shining eye]
126231 | Pan      | Gained mutation: Your body often deteriorates upon taking damage. [a cacodemon]
126239 | Pan      | Killed Mnoleg
126305 | Pan      | Got a glowing rune of Zot
126321 | Pan      | Gained mutation: Armour fits poorly on your strangely shaped body. [a cacodemon]
126356 | Pan      | Identified the ring of Bick {-Tele AC+5 Str+3 Int+3 Dex+2} (You found it in Pandemonium)
126716 | Pan      | Noticed Ytoin the pandemonium lord
126748 | Pan      | Killed Ytoin the pandemonium lord
127192 | Pan      | Found a runed door.
127196 | Pan      | Lost mutation: Your magical capacity is low. (-10% MP) [mutagenic meat]
127197 | Pan      | Lost mutation: You are dopey. (Int -2) [mutagenic meat]
127200 | Pan      | Lost mutation: Armour fits poorly on your strangely shaped body. [mutagenic meat]
127778 | Pan      | Found an exit through the horrors of the Abyss.
127966 | Pan      | Entered the realm of Gloorx Vloq.
128020 | Pan      | Noticed Gloorx Vloq
128038 | Pan      | Killed Gloorx Vloq
128096 | Pan      | Got a dark rune of Zot
128604 | Pan      | Found an exit through the horrors of the Abyss.
129157 | Pan      | Identified the cursed +0 hat of Dahas Fygith {-Tele rF- rC++ Str+10} (You found it in Pandemonium)
129369 | Pan      | Noticed Udiolige the pandemonium lord
129375 | Pan      | Killed Udiolige the pandemonium lord
129571 | Pan      | Found an exit through the horrors of the Abyss.
129994 | Pan      | Noticed Fijusamp the pandemonium lord
130007 | Pan      | Killed Fijusamp the pandemonium lord
130331 | Pan      | Gained mutation: You often lose your temper in combat. [a cacodemon]
130451 | Pan      | Found an exit through the horrors of the Abyss.
131121 | Pan      | Found a runed door.
131130 | Pan      | Found a runed door.
131148 | Pan      | Found a runed door.
131584 | Pan      | Found an exit through the horrors of the Abyss.
131690 | Pan      | Found a runed door.
132033 | Pan      | Noticed Lemeses the pandemonium lord
132046 | Pan      | Killed Lemeses the pandemonium lord
132049 | Pan      | Gained mutation: You are frail. (-10% HP) [a neqoxec]
132089 | Depths:3 | Escaped Pandemonium
132173 | Depths:1 | Lost mutation: You do not regenerate when monsters are visible. [mutagenic meat]
132176 | Depths:1 | Gained mutation: You are dopey. (Int -2) [mutagenic meat]
132248 | Tar:1    | Entered Level 1 of Tartarus
135074 | Tar:2    | Gained mutation: You are occasionally teleported next to monsters. [mutagenic glow]
135722 | Tar:3    | Gained mutation: You are sometimes teleported next to monsters. [mutagenic glow]
136206 | Tar:3    | Lost mutation: Your spells are easier to cast, but less powerful. [a cacodemon]
137484 | Tar:4    | You are sucked into a shaft for 2 floors!
138592 | Tar:7    | Entered Level 7 of Tartarus
138706 | Tar:7    | Noticed Ereshkigal
138788 | Tar:7    | Gained mutation: You do not regenerate when monsters are visible. [mutagenic glow]
139203 | Tar:7    | Killed Ereshkigal
139288 | Tar:7    | Noticed an ancient lich
139300 | Tar:7    | Killed an ancient lich
139452 | Tar:7    | Got a faintly glowing amber ring
139456 | Tar:7    | Identified the ring "Xaerhet" {*Tele SInv} (You found it on level 7 of Tartarus)
139730 | Tar:7    | Noticed an ancient lich
139735 | Tar:7    | Killed an ancient lich
139747 | Tar:7    | Got a translucent marble ring
139751 | Tar:7    | Identified the ring of the Eleven Suns {rElec rC+ rN+ Int+3} (You found it on level 7 of Tartarus)
140285 | Tar:7    | Got a bone rune of Zot
140365 | Tar:7    | Got a heavily runed jade ring
140369 | Tar:7    | Identified the ring of Bodaqa {Fire rN+ MR- Slay+5 SInv} (You found it on level 7 of Tartarus)
140550 | Dis:1    | Entered Level 1 of the Iron City of Dis
141899 | Dis:3    | Reached skill level 27 in Throwing
144402 | Dis:5    | Noticed emikaela's ghost (legendary SpIE)
144419 | Dis:5    | Killed emikaela's ghost
146029 | Dis:7    | Entered Level 7 of the Iron City of Dis
146371 | Dis:7    | Reached skill level 27 in Dodging
146375 | Dis:7    | Reached skill level 1 in Evocations
146607 | Dis:7    | Reached skill level 5 in Evocations
147335 | Dis:7    | Noticed Dispater
147341 | Dis:7    | Reached skill level 10 in Evocations
147362 | Dis:7    | Killed Dispater
147459 | Dis:7    | Got an iron rune of Zot
147681 | Dis:7    | Got a pitted jade ring
147685 | Dis:7    | Identified the ring "Kautatel" {Fire Int+3 Slay+2} (You found it on level 7 of the Iron City of Dis)
147990 | Dis:7    | Gained mutation: You are weak. (Str -2) [a cacodemon]
147993 | Dis:7    | Lost mutation: You are frail. (-10% HP) [a cacodemon]
148236 | Geh:1    | Entered Level 1 of Gehenna
148562 | Geh:1    | Reached skill level 15 in Evocations
153364 | Geh:5    | Lost mutation: You are weak. (Str -2) [mutagenic glow]
153418 | Geh:5    | Lost mutation: You often lose your temper in combat. [mutagenic glow]
153446 | Geh:5    | Gained mutation: Armour fits poorly on your strangely shaped body. [mutagenic glow]
154533 | Geh:7    | Entered Level 7 of Gehenna
155672 | Geh:7    | Noticed Asmodeus
155682 | Geh:7    | Killed Asmodeus
155692 | Geh:7    | Got an obsidian rune of Zot
156698 | Coc:1    | Entered Level 1 of Cocytus
161074 | Coc:5    | Reached skill level 27 in Evocations
161074 | Coc:5    | Reached skill level 1 in Translocations
161303 | Coc:5    | Reached skill level 5 in Translocations
161901 | Coc:6    | Reached skill level 1 in Spellcasting
162138 | Coc:6    | Reached skill level 5 in Spellcasting
162848 | Coc:7    | Entered Level 7 of Cocytus
162983 | Coc:7    | Reached skill level 10 in Translocations
163040 | Coc:7    | Reached skill level 10 in Spellcasting
163045 | Coc:7    | Noticed Antaeus
163064 | Coc:7    | Killed Antaeus
163081 | Coc:7    | Noticed the Serpent of Hell
163099 | Coc:7    | Killed the Serpent of Hell
163440 | Coc:7    | Upgraded the game from 0.21-a0-135-g8dc100c to 0.21-a0-137-g951aa02
163587 | Coc:7    | Identified the Papyrus of Attacks and Moulding
163593 | Coc:7    | Got an icy rune of Zot
164216 | Tomb:1   | Entered Level 1 of the Tomb of the Ancients
164744 | Tomb:1   | Noticed a greater mummy
164761 | Tomb:1   | Killed a greater mummy
165391 | Tomb:2   | Noticed Jorgrun
165392 | Tomb:2   | Noticed a greater mummy
165422 | Tomb:2   | Killed a greater mummy
165435 | Tomb:2   | Noticed a greater mummy
165450 | Tomb:2   | Killed Jorgrun
165456 | Tomb:2   | Killed a greater mummy
165457 | Tomb:2   | Noticed a greater mummy
165477 | Tomb:2   | Noticed a greater mummy
165492 | Tomb:2   | Killed a greater mummy
165511 | Tomb:2   | Killed a greater mummy
166075 | Tomb:2   | Reached skill level 15 in Translocations
166180 | Tomb:3   | Entered Level 3 of the Tomb of the Ancients
166238 | Tomb:3   | Noticed a greater mummy
166243 | Tomb:3   | Noticed a greater mummy
166245 | Tomb:3   | Noticed a greater mummy
166251 | Tomb:3   | Killed a greater mummy
166257 | Tomb:3   | Noticed a greater mummy
166258 | Tomb:3   | Noticed a greater mummy
166258 | Tomb:3   | Killed a greater mummy
166262 | Tomb:3   | Noticed a greater mummy
166262 | Tomb:3   | Noticed a greater mummy
166265 | Tomb:3   | Noticed a greater mummy
166265 | Tomb:3   | Noticed a greater mummy
166271 | Tomb:3   | HP: 5/204 [greater mummy/divine providence (11)]
166276 | Tomb:3   | HP: 2/204 [greater mummy/divine providence (8)]
166277 | Tomb:3   | The Shining One protects you from harm!
166277 | Tomb:3   | Killed from afar by a greater mummy

Vault maps used:
D:1:      sevenhm_arrival_forest_fort_large_2, serial_park_tiny_2,
          hangedman_decor_push
D:2:      grunt_nemelex_the_gamble
D:3:      chequers_temple_overflow_statue_of_worship
D:4:      cheibriados_altar_1, fedhas_altar_2, tso_altar, uniq_pikel
D:5:      led_sif_book, lemuel_doored_altar, okawaru_gym_becter,
          minmay_temple_entry_junction_2, first_bread
D:6:      cheibrodos_iron_armory, nicolae_qazlal_eye_of_the_storm,
          grunt_decor_arrowhead, minmay_misc_feat_iff
D:7:      cheibrodos_grave_circle, grunt_temple_overflow_opulence,
          uniq_crazy_yiuf_cottage, uniq_prince_ribbit1, uniq_joseph
D:8:      vehumet_crystals, serial_shops, shop_statue, david_nohive_1,
          kennysheep_decorative_pillar, trog_three_pillars_becter
D:9:      statuecave_lemuel, kennysheep_mini, serial_shops, shop_statue
D:10:     erik_lair_orcish_takeover, orc_0_dummy, serial_shops,
          nicolae_shop_crystal
D:11:     serial_shops, shop, nicolae_shop_temple_entry_statues_fountains, shop
D:12:     kennysheep_crisscross, uniq_maurice, uniq_frances
D:13:     lightli_vaults_fourway_checkpoint, serial_shops, shop, uniq_nessos
D:14:     glass_columns_a, bh_circular_ruins
D:15:     grunt_enter_depths_snipers, basic_altar
Temple:   compressed_dpeg_triangle_lava_temple
Lair:1:   special_room
Lair:2:   serial_bayou_shore_b
Lair:3:   lab_entry_generic, infiniplex_staircase_pool_2, uniq_snorg
Lair:4:   regret_index_combs_of_tragedy, nicolae_swamp_entry_splash_gauntlet,
          minmay_snake_entry_guardpost_medium
Lair:5:   gammafunk_lair_enchanted_lake, grunt_megastairs_5
Lair:6:   hangedman_lair_tendril_chambers, slime_altar_2,
          kilobyte_rumbling_trees
Swamp:1:  nicolae_swamp_little_tower, swamp_pool2
Swamp:2:  evilmike_swamp_ruin_house_4, uniq_aizul
Swamp:3:  evilmike_swamp_ruin_rubble_2, nicolae_swamp_dense_foliage
Swamp:4:  swamp_basic_johnstein, portal_ice_cave_entry_dragon, uniq_roxanne
Snake:1:  grunt_ministairs_14, minmay_snake_pond, lemuel_fruit_tree
Snake:2:  grunt_megastairs_4, uniq_saint_roka, uniq_vashnia, uniq_donald,
          uniq_agnes
Snake:4:  snake_hunt, grunt_megastairs_3
Slime:2:  nicolae_slime_round_cave
Orc:2:    grunt_orc_community_town_hall, grunt_orc_community_big_house_2,
          grunt_orc_community_big_house_1, grunt_orc_community_house_2,
          grunt_orc_community_house_2, grunt_orc_community_house_2,
          grunt_orc_community_house_2, grunt_orc_community_house_2,
          grunt_orc_community_house_2, serial_shops, nicolae_shop_crystal
Elf:1:    minmay_elf_arrival_summoners, serial_shops, shop,
          minmay_elf_demonology
Elf:2:    serial_shops, shop, basic_altar
Elf:3:    minmay_elf_hall_circle, uniq_louise
Vaults:1: hangedman_vaults_slice, ontoclasm_vaults_claustrophobia,
          nicolae_vaults_branching_niches, v_misc_14,
          ontoclasm_vaults_ring_large, nicolae_vaults_diagonal_hallway_8,
          nicolae_vaults_specimen_jars, hangedman_vaults_snaps, serial_shops,
          nicolae_shop_behind_doors
Vaults:2: v_rooms_4, grunt_vaults_hallway_short, hangedman_vaults_capsules,
          nicolae_vaults_little_squares_2, v_misc_12, serial_shops,
          nicolae_shop_waterfront
Vaults:3: vaults_room_hallway, nicolae_vaults_windows_and_doors_thing,
          v_misc_12, nicolae_vaults_network_star,
          nicolae_vaults_fighting_squares, minmay_crypt_entry_skeletal_spiral,
          v_misc_10, hangedman_vaults_stream, vaults_room_large_hall,
          vaults_dpeg_hooks, v_rooms_4, vaults_dpeg_encased_lava, basic_altar,
          serial_shops, nicolae_shop_statue_plus, nicolae_shop_trees, shop, shop
Vaults:4: dpeg_vaults_pockets_of_resistance, vaults_room_boxed,
          nicolae_vaults_sealed_display, nicolae_vaults_hallways_thing,
          grunt_vaults_bifocal, v_misc_25, v_alt_pattern_4,
          nicolae_vaults_shelves_hall, hangedman_vaults_impose, serial_shops,
          shop
Crypt:1:  weyrava_vampire_temple
Crypt:2:  minivault_26
Crypt:3:  cryptofortress_bobbens
Tomb:2:   uniq_jorgrun
Depths:1: abyss_entry, serial_shops, shop, grunt_hell_horde,
          minmay_tree_intersection, minmay_statues_item, nicolae_water_bricks,
          minmay_misc_feat_x, nicolae_for_you_no_charge
Depths:2: nooodl_glass_maze, grunt_hell_entry_dis_mu, uniq_asterion
Depths:3: kennysheep_scales, kennysheep_cluttered_room,
          grunt_pan_entry_in_and_out, serial_shops, shop,
          pf_hell_entry_great_geh, lightli_minifort
Depths:4: minmay_expanding_squares, enter_ziggurat_e, hell_entry, abyss_entry,
          grunt_ministairs_2, statue_in_the_mist_lemuel
Depths:5: grunt_zot_entry_pinwheel, mu_enter_wizlab_1, hellmouth_1,
          corexii_hall_statues_x, serial_shops, shop_fountains
Dis:1:    lightli_tower_of_babel, hangedman_dis_chains
Dis:3:    hangedman_player_shredder
Dis:7:    iron_city_of_dis
Geh:1:    hangedman_elemental_grid_stream
Geh:3:    lemuel_flamethrower_2
Geh:7:    geh_grunt_pentagon
Coc:7:    coc_hangedman
Tar:1:    nicolae_tar_cuneiform_water, nicolae_tar_cuneiform_not
Tar:2:    lemuel_elevator
Tar:3:    nicolae_tar_cuneiform_bread
Tar:7:    tar_grunt_cathedral
Zot:1:    evilmike_ambush
Zot:2:    grunt_ministairs_9
Zot:4:    st_large_dragon_hoard_2
Abyss:2:  hangedman_elemental_corridor, hangedman_abyss_or_decor_stagger
Abyss:3:  evilmike_abyss_rune_ettins
Abyss:4:  hangedman_abyss_stitches_cave, minivault_25,
          nicolae_abyss_rune_star_stuff
Abyss:5:  evilmike_abyss_exit_10, lemuel_firewalk_3,
          evilmike_nicolae_abyss_rune_betentacled_crabyss
Pan:      nicolae_pan_hourglass, pan_blood_fountain_small, rand_demon_3,
          lemuel_hellion_island, nicolae_pan_cerebovesque_2,
          evilmike_mini_pan_rooms, pan_blood_fountain_small,
          nicolae_pan_sigil_nadil, rand_demon_7, nicolae_pan_glass_arcs,
          pan_blood_fountain_small, nicolae_pan_cerebovesque_2, cerebov_st,
          nicolae_pan_sigil_obb, lemuel_hall_of_pain, nicolae_pan_sigil_uleosi,
          rand_demon_2, evilmike_mini_pan_possible_glass,
          pan_blood_fountain_small, evilmike_mini_pan_doors_b,
          pan_blood_fountain_small, nicolae_pan_glass_arcs,
          evilmike_mini_pan_corner, uniq_mennas_pan, rand_demon_1,
          pan_blood_fountain_small, rand_demon_3, rand_demon_3,
          evilmike_mini_pan_possible_glass, lom_lobon_spiral_st,
          pan_blood_fountain_small, evilmike_mini_pan_doors,
          pan_blood_fountain_2, nicolae_pan_gloorx_vloqian_4,
          evilmike_mini_pan_doors_b, evilmike_mini_pan_branches,
          evilmike_mini_pan_possible_glass, grunt_pan_frozen_over,
          evilmike_mini_pan_possible_glass, evilmike_mnoleg_eyes,
          regret_index_pan_draining_boxed, nicolae_pan_cerebovesque_2,
          pan_captured_pigsty, pan_surprise, nicolae_pan_sigil_uleosi,
          gloorx_vloq_st, evilmike_mini_pan_doors_b,
          evilmike_mini_pan_other_thingy, rand_demon_7, nicolae_pan_mnolegish_3
Lab:      nicolae_lab_dead_adventurers
IceCv:    ice_cave_caverns_01

Skill      XL: |  1  2  3  4  5  6  7  8  9 10 11 12 13 14 15 16 17 18 19 20 21 22 23 24 25 26 27 |
---------------+----------------------------------------------------------------------------------+-----
Throwing       | 1 2 3 4 5 6 7 8 9 10 11 27 | 27.0
Dodging        | 1 2 3 4 5 6 7 8 9 10 27 | 27.0
Maces & Flails | 3 5 10 11 12 13 14 15 17 18 19 27 | 27.0
Fighting       | 4 5 6 7 9 10 11 13 14 15 16 17 18 19 20 21 27 | 27.0
Armour         | 5 6 9 10 11 12 13 14 15 16 18 19 20 21 27 | 27.0
Invocations    | 7 9 10 12 13 14 15 16 17 18 19 20 21 27 | 27.0
Shields        | 4 8 10 11 12 13 14 15 17 18 19 20 21 27 | 27.0
Evocations     | 27 | 27.0
Translocations | 16 | 16.0
Spellcasting   | 14 | 14.8

Action                   |  1- 3 |  4- 6 |  7- 9 | 10-12 | 13-15 | 16-18 | 19-21 | 22-24 | 25-27 || total
-------------------------+-------+-------+-------+-------+-------+-------+-------+-------+-------++-------
Melee: Flail             |    98 |   127 |   326 |   135 |       |       |       |       |       ||   686
       Mace              |       |       |       |   885 |   327 |       |       |       |       ||  1212
       Eveningstar       |       |       |       |       |   616 |       |       |  1386 | 16098 || 18100
       Morningstar       |       |       |       |       |   619 |  1529 |  1687 |   280 |       ||  4115
       Headbutt          |       |       |       |       |       |    29 |       |   222 |   146 ||   397
Throw: Stone             |    61 |    55 |   111 |   338 |   543 |   881 |  1021 |   759 |  9322 || 13091
       Tomahawk          |     2 |     6 |    36 |   109 |   113 |   311 |   148 |    57 |    76 ||   858
       Javelin           |       |       |       |       |       |    11 |     8 |    44 |   153 ||   216
Invok: Lesser Healing    |       |       |       |     9 |    10 |     7 |    18 |    17 |     9 ||    70
       Greater Healing   |       |       |       |       |    16 |     2 |     2 |    20 |     7 ||    47
       Cleansing Flame   |       |       |       |       |       |       |       |       |   107 ||   107
       Divine Shield     |       |       |       |       |       |       |       |       |    46 ||    46
       Summon Divine War |       |       |       |       |       |       |       |       |     2 ||     2
       Brand Weapon With |       |       |       |       |       |       |       |       |     1 ||     1
 Abil: Evoke Flight      |       |       |     1 |     2 |       |       |       |       |       ||     3
       Fly               |       |       |       |       |     1 |       |       |     4 |     9 ||    14
       Stop Flying       |       |       |       |       |       |       |       |     5 |     8 ||    13
Evoke: Wand              |       |       |       |     2 |       |     1 |       |       |    12 ||    15
  Use: Scroll            |     7 |     1 |     4 |    16 |    17 |    13 |     5 |     2 |    61 ||   126
       Potion            |       |     1 |     1 |     3 |     3 |     5 |     2 |     1 |    21 ||    37
 Stab: Invisible         |       |       |       |     2 |       |       |       |       |       ||     2
       Confused          |       |       |       |       |       |     1 |       |       |       ||     1
  Eat: Chunk             |     1 |     6 |    17 |    21 |    27 |    63 |    83 |   160 |   168 ||   546
       Meat ration       |       |       |       |     2 |     3 |     2 |     3 |       |    36 ||    46
       Royal jelly       |       |       |       |       |     2 |       |     1 |     2 |     4 ||     9
       Fruit             |       |       |       |       |       |       |     1 |       |     1 ||     2
       Bread ration      |       |       |       |       |       |       |       |       |    13 ||    13
Armor: Scale mail        |    36 |       |       |       |       |       |       |       |       ||    36
       Chain mail        |    33 |    70 |   195 |   177 |       |       |       |       |       ||   475
       Plate armour      |       |       |       |   508 |   985 |   667 |   518 |   487 |  1013 ||  4178
       Gold dragon scale |       |       |       |       |       |       |       |       |  3387 ||  3387
Dodge: Dodged            |    45 |    67 |   173 |   484 |   859 |   653 |   497 |   553 |  4566 ||  7897
Block: Buckler           |       |       |       |   264 |   715 |   856 |       |       |       ||  1835
       Reflection        |       |       |       |     4 |     3 |   173 |   220 |   135 |   375 ||   910
       Shield            |       |       |       |       |       |   499 |  1821 |  1809 |  5741 ||  9870
       Large shield      |       |       |       |       |       |       |       |       | 11899 || 11899
